Workbook

Sheet Orçamento comparativo
D1: OBRA: | K1: B.D.I. | L1: Bancos
D2: EXECUÇÃO ORLA MARGINAL A MS-475 DE NOVO HORIZONTE DO SUL-MS ENDEREÇO: RODOVIA MS-475/ORLA MARGINAL, S/N, CENTRO PREFEITURA MUNICIPAL DE NOVO HORIZONTE DO SUL/MS | K2: 0.2171 | L2: SINAPI - 06/2025 - MS AGESUL - 06/2025 SICRO - MS 04/2025
A4: PLANILHA ORÇAMENTÁRIA (INCLUSO ITENS EXECUTADOS EM CONTRATOS RESCINDIDOS)
A5: Item | D5: Descrição | E5: Und | F5: QTD. A LICITAR | G5: QTD. CONTRATO ANTERIOR | H5: QTD. EXECUTADA | I5: QTD. SALDO | J5: QTD. ACRÉSCIMO/ DECRÉSCIMO | K5: Valor Unit com BDI | L5: Total
A6: 1 | D6: SERVIÇOS PRELIMINARES | L6: =SUM(L7:L15) -> 30533.31
A7: 1.1 | B7: SINAPI | C7: 99060 | D7: LOCAÇÃO COM CAVALETE COM ALTURA DE 1,00 M | E7: unid | F7: 1 | G7: =H7+I7 -> 14 | H7: 14 | I7: 0 | J7: =F7-I7 -> 1 | K7: 216.75 | L7: =TRUNC(K7*F7,2) -> 216.75
A8: 1.2 | B8: AGESUL | C8: 101001101 | D8: PLACA DE OBRA EM CHAPA GALVANIZADA N. 22, ADESIVADA | E8: m² | F8: 8 | G8: =H8+I8 -> 3 | H8: 3 | I8: 0 | J8: =F8-I8 -> 8 | K8: 618.35 | L8: =TRUNC(K8*F8,2) -> 4946.8
A9: 1.3 | B9: AGESUL | C9: 101001186 | D9: LOCACAO DE CONTAINER 2,30 X 6,00 M, ALT. 2,50 M, COM 1 SANITARIO, PARA ESCRITORIO, COMPLETO, SEM DIVISORIAS INTERNAS, EXCLUSIVE TRANSPORTE/CARGA/DESCARGA | E9: mês | F9: 3 | G9: =H9+I9 -> 3 | H9: 3 | I9: 0 | J9: =F9-I9 -> 3 | K9: 1099.64 | L9: =TRUNC(K9*F9,2) -> 3298.92
A10: 1.4 | B10: AGESUL | C10: 101001196 | D10: MOBILIZACAO E DESMOBILIZACAO DE CONTAINER | E10: unid | F10: 1 | G10: =H10+I10 -> 1 | H10: 1 | I10: 0 | J10: =F10-I10 -> 1 | K10: 1319.04 | L10: =TRUNC(K10*F10,2) -> 1319.04
A11: 1.5 | B11: AGESUL | C11: 101003101 | D11: PADRAO PROVISORIO TRIFASICO ATE 27 KW | E11: unid | F11: 1 | G11: =H11+I11 -> 1 | H11: 1 | I11: 0 | J11: =F11-I11 -> 1 | K11: 6940.65 | L11: =TRUNC(K11*F11,2) -> 6940.65
A12: 1.6 | B12: AGESUL | C12: 101002100 | D12: INSTALACAO PROVISORIA DE AGUA E ESGOTO PARA OBRAS DE PORTE PEQUENO | E12: UN | F12: 1 | G12: =H12+I12 -> 1 | H12: 1 | I12: 0 | J12: =F12-I12 -> 1 | K12: 2897.92 | L12: =TRUNC(K12*F12,2) -> 2897.92
A13: 1.7 | B13: AGESUL | C13: 201002161 | D13: LOCACAO DE CACAMBA (4M3) (7 DIAS) | E13: unid | F13: 4 | G13: =H13+I13 -> 5 | H13: 1 | I13: 4 | J13: =F13-I13 -> 0 | K13: 425.98 | L13: =TRUNC(K13*F13,2) -> 1703.92
A14: 1.8 | B14: CP. PRÓPRIA | C14: COMPOSIÇÃO 12 | D14: SINALIZAÇÃO DE SEGURANÇA COM CONE DE SINALIZACAO EM PVC RIGIDO COM FAIXA REFLETIVA, H = 70 / 76 CM | E14: UN | F14: 20 | G14: =H14+I14 -> 280 | H14: 120 | I14: 160 | J14: =F14-I14 -> -140 | K14: 57.2 | L14: =TRUNC(K14*F14,2) -> 1144
A15: 1.9 | B15: CP. PRÓPRIA | C15: COMPOSIÇÃO 13 | D15: SINALIZAÇÃO DE SEGURANÇA COM TELA PLASTICA TECIDA LISTRADA BRANCA E LARANJA, TIPO GUARDA CORPO, EM POLIETILENO MONOFILADO, ROLO 1,20 X 50 M (L X C) | E15: M | F15: 862.6 | G15: =H15+I15 -> 1400 | H15: 390 | I15: 1010 | J15: =F15-I15 -> -147.4 | K15: 9.35 | L15: =TRUNC(K15*F15,2) -> 8065.31
A16: 2 | D16: REMODELAÇÃO ESQUINA CANTEIRO CENTRAL | L16: =L20 -> 23444.44
D17: DEMOLIÇÃO E RETIRADAS | L17: 0
D18: DEMOLIÇÃO DE GUIAS, SARJETAS OU SARJETÕES, DE FORMA MECANIZADA, SEM REAPROVEITAMENTO. AF_09/2023 | E18: m | G18: =H18+I18 -> 76.44 | H18: 76.44 | I18: 0 | J18: =F18-I18 -> 0
D19: ESCAVACAO DE VALAS EM SOLO DE QUALQUER CATEGORIA, NA(S) PROFUNDIDADE(S):- ATE 2,00 M (SEM PRESENCA DE AGUA) | E19: m³ | G19: =H19+I19 -> 8.216 | H19: 8.216 | I19: 0 | J19: =F19-I19 -> 0
A20: 2.1 | D20: REMODELAÇÃO CANTEIRO | L20: =SUM(L21:L25) -> 23444.44
A21: 2.1.1 | B21: SINAPI | C21: 94990 | D21: EXECUÇÃO DE PASSEIO (CALÇADA) OU PISO DE CONCRETO COM CONCRETO MOLDADO IN LOCO, FEITO EM OBRA, ACABAMENTO CONVENCIONAL, NÃO ARMADO. (10CM) | E21: m³ | F21: 2.106 | G21: =H21+I21 -> 2.106 | H21: 0 | I21: 2.106 | J21: =F21-I21 -> 0 | K21: 912.64 | L21: =TRUNC(K21*F21,2) -> 1922.01
A22: 2.1.2 | B22: CP. PRÓPRIA | C22: COMPOSIÇÃO 9 | D22: REMODELAÇÃO DE MEIO-FIO ELEVADO COM MUDANÇA DE SEÇÃO, ARMADO, COM SARJETA, ALTURA INICIAL DE 60CM E FINAL DE 35CM, SEÇÃO INICIAL 0,128M2 E SEÇÃO FINAL 0,09M2 , CONCRETO FCK=20MPA, MOLDADO NO LOCAL - MODELO ESQUINA MUDANÇA DE SEÇÃO | E22: UNID | F22: 13 | G22: =H22+I22 -> 13 | H22: 0 | I22: 13 | J22: =F22-I22 -> 0 | K22: 1194.58 | L22: =TRUNC(K22*F22,2) -> 15529.54
A23: 2.1.3 | B23: SINAPI | C23: 94268 | D23: GUIA (MEIO-FIO) E SARJETA CONJUGADOS DE CONCRETO, MOLDADA IN LOCO EM TRECHO CURVO COM EXTRUSORA, 45 CM BASE (15 CM BASE DA GUIA + 30 CM BASE DA SARJETA) X 22 CM ALTURA. AF_06/2016 | E23: m | F23: 12.22 | G23: =H23+I23 -> 12.22 | H23: 0 | I23: 12.22 | J23: =F23-I23 -> 0 | K23: 77.13 | L23: =TRUNC(K23*F23,2) -> 942.52
A24: 2.1.4 | B24: CP. PRÓPRIA | C24: COMPOSIÇÃO 2 | D24: PILARETE DE CONCRETO ARMADO DE PROTEÇÃO DAS ESQUINAS D=15CM, H=80CM | E24: unid | F24: 39 | G24: =H24+I24 -> 39 | H24: 0 | I24: 39 | J24: =F24-I24 -> 0 | K24: 129.45 | L24: =TRUNC(K24*F24,2) -> 5048.55
A25: 2.1.5 | B25: SINAPI | C25: 102498 | D25: PINTURA DE MEIO-FIO COM TINTA BRANCA A BASE DE CAL (CAIAÇÃO). AF_05/2021 | E25: m² | F25: 0.9711 | G25: =H25+I25 -> 0.9711 | H25: 0 | I25: 0.9711 | J25: =F25-I25 -> 0 | K25: 1.88 | L25: =TRUNC(K25*F25,2) -> 1.82
A26: 3 | D26: CONSTRUÇÃO PÓRTICOS | L26: =L52 -> 10982.14
D27: FUNDAÇÃO | L27: 0
D28: ESTACA BROCA DE CONCRETO, DIÂMETRO DE 25CM, ESCAVAÇÃO MANUAL COM TRADO CONCHA, SEM ARMADURA DE ARRANQUE | E28: m | G28: =H28+I28 -> 84 | H28: 84 | I28: 0 | J28: =F28-I28 -> 0
D29: LANÇAMENTO COM USO DE BALDES, ADENSAMENTO E ACABAMENTO DE CONCRETO EM ESTRUTURAS. | E29: m³ | G29: =H29+I29 -> 4.1233404 | H29: 4.1233404 | I29: 0 | J29: =F29-I29 -> 0
D30: CORTE E DOBRA DE AÇO CA-60, DIÂMETRO DE 5,0 MM. | E30: kg | G30: =H30+I30 -> 41.6 | H30: 41.6 | I30: 0 | J30: =F30-I30 -> 0
D31: MONTAGEM DE ARMADURA DE ESTACAS, DIÂMETRO = 10,0 MM. AF_09/2021_PS | E31: kg | G31: =H31+I31 -> 157.6 | H31: 157.6 | I31: 0 | J31: =F31-I31 -> 0
D32: BLOCOS | L32: 0
D33: ESCAVAÇÃO MANUAL DE VALA PARA VIGA BALDRAME (SEM ESCAVAÇÃO PARA COLOCAÇÃO DE FÔRMAS). AF_06/2017 | E33: m³ | G33: =H33+I33 -> 11.008 | H33: 11.008 | I33: 0 | J33: =F33-I33 -> 0
D34: ARMAÇÃO DE BLOCO, VIGA BALDRAME OU SAPATA UTILIZANDO AÇO CA-50 DE 10 MM - MONTAGEM. | E34: kg | G34: =H34+I34 -> 241.6 | H34: 241.6 | I34: 0 | J34: =F34-I34 -> 0
D35: CONCRETO FCK = 25MPA, TRAÇO 1:2,3:2,7 (CIMENTO/ AREIA MÉDIA/ BRITA 1) - PREPARO MECÂNICO COM BETONEIRA 400 L. AF_07/2016 | E35: m³ | G35: =H35+I35 -> 11.008 | H35: 11.008 | I35: 0 | J35: =F35-I35 -> 0
D36: LANÇAMENTO COM USO DE BALDES, ADENSAMENTO E ACABAMENTO DE CONCRETO EM ESTRUTURAS. | E36: m³ | G36: =H36+I36 -> 11.008 | H36: 11.008 | I36: 0 | J36: =F36-I36 -> 0
D37: VIGA SUPERIOR | L37: 0
D38: MONTAGEM E DESMONTAGEM DE FÔRMA DE PILARES RETANGULARES E ESTRUTURAS SIMILARES, PÉ-DIREITO SIMPLES, EM MADEIRA SERRADA, 4 UTILIZAÇÕES. AF_09/2020 | E38: m² | G38: =H38+I38 -> 81.2 | H38: 81.2 | I38: 0 | J38: =F38-I38 -> 0
D39: CORTE E DOBRA DE AÇO CA-60, DIÂMETRO DE 5,0 MM. | E39: kg | G39: =H39+I39 -> 93.6 | H39: 93.6 | I39: 0 | J39: =F39-I39 -> 0
D40: ARMAÇÃO DE PILAR OU VIGA DE ESTRUTURA CONVENCIONAL DE CONCRETO ARMADO UTILIZANDO AÇO CA-50 DE 10,0 MM - MONTAGEM. AF_06/2022 | E40: kg | G40: =H40+I40 -> 224 | H40: 224 | I40: 0 | J40: =F40-I40 -> 0
D41: CONCRETO FCK = 25MPA, TRAÇO 1:2,3:2,7 (CIMENTO/ AREIA MÉDIA/ BRITA 1) - PREPARO MECÂNICO COM BETONEIRA 400 L. AF_07/2016 | E41: m³ | G41: =H41+I41 -> 9.768 | H41: 9.768 | I41: 0 | J41: =F41-I41 -> 0
D42: LANÇAMENTO COM USO DE BALDES, ADENSAMENTO E ACABAMENTO DE CONCRETO EM ESTRUTURAS. | E42: m³ | G42: =H42+I42 -> 9.768 | H42: 9.768 | I42: 0 | J42: =F42-I42 -> 0
D43: PILARES | L43: 0
D44: MONTAGEM E DESMONTAGEM DE FÔRMA DE PILARES RETANGULARES E ESTRUTURAS SIMILARES, PÉ-DIREITO SIMPLES, EM MADEIRA SERRADA, 4 UTILIZAÇÕES. AF_09/2020 | E44: m² | G44: =H44+I44 -> 69.96 | H44: 69.96 | I44: 0 | J44: =F44-I44 -> 0
D45: CORTE E DOBRA DE AÇO CA-60, DIÂMETRO DE 5,0 MM. | E45: kg | G45: =H45+I45 -> 124.8 | H45: 124.8 | I45: 0 | J45: =F45-I45 -> 0
D46: ARMAÇÃO DE PILAR OU VIGA DE ESTRUTURA CONVENCIONAL DE CONCRETO ARMADO UTILIZANDO AÇO CA-50 DE 12,5 MM - MONTAGEM. AF_06/2022 | E46: kg | G46: =H46+I46 -> 340.8 | H46: 340.8 | I46: 0 | J46: =F46-I46 -> 0
D47: CONCRETO FCK = 25MPA, TRAÇO 1:2,3:2,7 (CIMENTO/ AREIA MÉDIA/ BRITA 1) - PREPARO MECÂNICO COM BETONEIRA 400 L. AF_07/2016 | E47: m³ | G47: =H47+I47 -> 6.804 | H47: 6.804 | I47: 0 | J47: =F47-I47 -> 0
D48: LANÇAMENTO COM USO DE BALDES, ADENSAMENTO E ACABAMENTO DE CONCRETO EM ESTRUTURAS. | E48: m³ | G48: =H48+I48 -> 6.804 | H48: 6.804 | I48: 0 | J48: =F48-I48 -> 0
D49: VEDAÇÃO | L49: 0
D50: ALVENARIA DE VEDAÇÃO DE BLOCOS CERÂMICOS FURADOS NA HORIZONTAL DE 9X19X19 CM (ESPESSURA 30CM) E ARGAMASSA DE ASSENTAMENTO COM PREPARO EM BETONEIRA. | E50: m² | G50: =H50+I50 -> 31.12 | H50: 31.12 | I50: 0 | J50: =F50-I50 -> 0
D51: IMPERMEABILIZAÇÃO DE SUPERFÍCIE COM EMULSÃO ASFÁLTICA, 2 DEMÃOS AF_06/2018 | E51: m² | G51: =H51+I51 -> 14.08 | H51: 14.08 | I51: 0 | J51: =F51-I51 -> 0
A52: 3.1 | D52: ACABAMENTO | L52: =SUM(L53:L59) -> 10982.14
D53: CHAPISCO APLICADO EM ALVENARIAS E ESTRUTURAS DE CONCRETO INTERNAS, COM COLHER DE PEDREIRO. ARGAMASSA TRAÇO 1:3 COM PREPARO EM BETONEIRA 400L. AF_06/2014 | E53: m² | F53: 231.24 | G53: =H53+I53 -> 231.24 | H53: 231.24 | I53: 0 | J53: =F53-I53 -> 231.24
D54: MASSA ÚNICA, PARA RECEBIMENTO DE PINTURA, EM ARGAMASSA TRAÇO 1:2:8, PREPARO MECÂNICO COM BETONEIRA 400L, APLICADA MANUALMENTE EM FACES INTERNAS DE PAREDES, ESPESSURA DE 20MM, COM EXECUÇÃO DE TALISCAS. AF_06/2014 | E54: m² | F54: 231.24 | G54: =H54+I54 -> 231.24 | H54: 231.24 | I54: 0 | J54: =F54-I54 -> 231.24
A55: 3.1.1 | B55: AGESUL | C55: 501000145 | D55: EMBOCO OU MASSA UNICA EM ARGAMASSA TRACO 1:2:8, PREPARO MANUAL, ESP=25MM | E55: M2 | F55: 12 | G55: =H55+I55 -> 0 | K55: 70.5 | L55: =TRUNC(K55*F55,2) -> 846
A56: 3.1.2 | B56: SINAPI | C56: 88485 | D56: APLICAÇÃO DE FUNDO SELADOR ACRÍLICO EM PAREDES, UMA DEMÃO. AF_06/2014 | E56: m² | F56: 213.48 | G56: =H56+I56 -> 213.48 | H56: 0 | I56: 213.48 | J56: =F56-I56 -> 0 | K56: 4.67 | L56: =TRUNC(K56*F56,2) -> 996.95
A57: 3.1.3 | B57: SINAPI | C57: 88489 | D57: APLICAÇÃO MANUAL DE PINTURA COM TINTA LÁTEX ACRÍLICA EM PAREDES, DUAS DEMÃOS. AF_06/2014 | E57: m² | F57: 213.48 | G57: =H57+I57 -> 213.48 | H57: 0 | I57: 213.48 | J57: =F57-I57 -> 0 | K57: 14.58 | L57: =TRUNC(K57*F57,2) -> 3112.53
A58: 3.1.4 | B58: SINAPI | C58: 95305 | D58: TEXTURA ACRÍLICA, APLICAÇÃO MANUAL EM PAREDE, UMA DEMÃO. AF_04/2023 | E58: m² | F58: 213.48 | G58: =H58+I58 -> 213.48 | H58: 0 | I58: 213.48 | J58: =F58-I58 -> 0 | K58: 15.42 | L58: =TRUNC(K58*F58,2) -> 3291.86
A59: 3.1.5 | B59: SINAPI | C59: 101979 | D59: CHAPIM (RUFO CAPA) EM AÇO GALVANIZADO, CORTE 33. AF_11/2020 | E59: m | F59: 60 | G59: =H59+I59 -> 60 | H59: 0 | I59: 60 | J59: =F59-I59 -> 0 | K59: 45.58 | L59: =TRUNC(K59*F59,2) -> 2734.8
A60: 4 | D60: MOVIMENTAÇÃO DE TERRA | L60: =SUM(L61:L62) -> 9991.62
A61: 4.1 | B61: SINAPI | C61: 97083 | D61: COMPACTAÇÃO MECÂNICA DE SOLO PARA EXECUÇÃO DE RADIER, PISO DE CONCRETO OU LAJE SOBRE SOLO, COM COMPACTADOR DE SOLOS A PERCUSSÃO. AF_09/2021 | E61: m² | F61: 1567.56 | G61: =H61+I61 -> 1567.56 | H61: 0 | I61: 1567.56 | J61: =F61-I61 -> 0 | K61: 3.85 | L61: =TRUNC(K61*F61,2) -> 6035.1
A62: 4.2 | B62: AGESUL | C62: 401001117 | D62: ESPALHAMENTO DE TERRA | E62: m³ | F62: 156.756 | G62: =H62+I62 -> 156.756 | H62: 0 | I62: 156.756 | J62: =F62-I62 -> 0 | K62: 25.24 | L62: =TRUNC(K62*F62,2) -> 3956.52
A63: 5 | D63: ORLA MARGINAL | L63: =SUM(L64:L77) -> 497378.12
A64: 5.1 | B64: SINAPI | C64: 104796 | D64: DEMOLIÇÃO DE GUIAS, SARJETAS OU SARJETÕES, DE FORMA MECANIZADA, SEM REAPROVEITAMENTO. AF_09/2023 | E64: m | F64: 934.6 | G64: =H64+I64 -> 1134.6 | H64: 200 | I64: 934.6 | J64: =F64-I64 -> 0 | K64: 16.9 | L64: =TRUNC(K64*F64,2) -> 15794.74
A65: 5.2 | B65: SINAPI | C65: 95875 | D65: TRANSPORTE COM CAMINHÃO BASCULANTE DE 10 M³, EM VIA URBANA PAVIMENTADA, DMT ATÉ 30 KM (UNIDADE: M3XKM). AF_07/2020 (BOTA-FORA) | E65: m³xkm | F65: 348.9 | G65: =H65+I65 -> 348.9 | H65: 0 | I65: 348.9 | J65: =F65-I65 -> 0 | K65: 2.96 | L65: =TRUNC(K65*F65,2) -> 1032.74
A66: 5.3 | B66: CP. PRÓPRIA | C66: COMPOSIÇÃO 6 | D66: PILARETE COM TRILHO TR-25 DE PROTEÇÃO DE VIAS | E66: unid | F66: 28 | G66: =H66+I66 -> 28 | H66: 0 | I66: 28 | J66: =F66-I66 -> 0 | K66: 576.67 | L66: =TRUNC(K66*F66,2) -> 16146.76
A67: 5.4 | B67: SINAPI | C67: 104658 | D67: PISO PODOTÁTIL DIRECIONAL, DE CONCRETO, ASSENTADO SOBRE ARGAMASSA | E67: m² | F67: 174.02 | G67: =H67+I67 -> 174.02 | H67: 0 | I67: 174.02 | J67: =F67-I67 -> 0 | K67: 201.57 | L67: =TRUNC(K67*F67,2) -> 35077.21
A68: 5.5 | B68: SINAPI | C68: 92397 | D68: EXECUÇÃO DE PAVIMENTO EM PISO INTERTRAVADO, COM BLOCO RETANGULAR COR NATURAL DE 20 X 10 CM, ESPESSURA 6 CM. AF_10/2022 | E68: m² | F68: 1371.46 | G68: =H68+I68 -> 1371.46 | H68: 0 | I68: 1371.46 | J68: =F68-I68 -> 0 | K68: 99.1 | L68: =TRUNC(K68*F68,2) -> 135911.68
A69: 5.6 | B69: SINAPI | C69: 100947 | D69: TRANSPORTE COM CAMINHÃO CARROCERIA 9T, EM VIA URBANA PAVIMENTADA, DMT ATÉ 30KM (UNIDADE: TXKM). AF_07/2020 | E69: Txkm | F69: 1974.9024 | G69: =H69+I69 -> 1974.9024 | H69: 0 | I69: 1974.9024 | J69: =F69-I69 -> 0 | K69: 2.66 | L69: =TRUNC(K69*F69,2) -> 5253.24
A70: 5.7 | B70: SINAPI | C70: 100948 | D70: TRANSPORTE COM CAMINHÃO CARROCERIA 9T, EM VIA URBANA PAVIMENTADA, ADICIONAL PARA DMT EXCEDENTE A 30 KM (UNIDADE: TXKM). AF_07/2020 | E70: Txkm | F70: 1171.7754 | G70: =H70+I70 -> 1171.7754 | H70: 0 | I70: 1171.7754 | J70: =F70-I70 -> 0 | K70: 1.05 | L70: =TRUNC(K70*F70,2) -> 1230.36
A71: 5.8 | B71: SINAPI | C71: 95877 | D71: TRANSPORTE COM CAMINHÃO BASCULANTE DE 18 M³, EM VIA URBANA PAVIMENTADA, DMT ATÉ 30 KM (UNIDADE: M3XKM). AF_07/2020 (AREIA PISO INTERTRAVADO) | E71: m³xkm | F71: 1071.1103 | G71: =H71+I71 -> 1071.1103 | H71: 0 | I71: 1071.1103 | J71: =F71-I71 -> 0 | K71: 2.23 | L71: =TRUNC(K71*F71,2) -> 2388.57
A72: 5.9 | B72: SINAPI | C72: 95427 | D72: TRANSPORTE COM CAMINHÃO BASCULANTE DE 18 M³, EM VIA URBANA PAVIMENTADA, ADICIONAL PARA DMT EXCEDENTE A 30 KM (UNIDADE: M3XKM). AF_07/2020 (AREIA PISO INTERTRAVADO) | E72: m³xkm | F72: 2606.3683 | G72: =H72+I72 -> 2606.3683 | H72: 0 | I72: 2606.3683 | J72: =F72-I72 -> 0 | K72: 0.92 | L72: =TRUNC(K72*F72,2) -> 2397.85
A73: 5.10 | B73: SINAPI | C73: 94990 | D73: EXECUÇÃO DE PASSEIO (CALÇADA) OU PISO DE CONCRETO COM CONCRETO MOLDADO IN LOCO, FEITO EM OBRA, ACABAMENTO CONVENCIONAL, NÃO ARMADO. (7CM) | E73: m³ | F73: 0.6846 | G73: =H73+I73 -> 0.6846 | H73: 0 | I73: 0.6846 | J73: =F73-I73 -> 0 | K73: 912.64 | L73: =TRUNC(K73*F73,2) -> 624.79
A74: 5.11 | B74: CP. PRÓPRIA | C74: COMPOSIÇÃO 7 | D74: BARREIRA DE CONTENÇÃO TIPO MEIO-FIO COM SARJETA, EM CONCRETO ARMADO FCK=20MPA, ALTURA DE 60CM, SEÇÃO 0,128M2, MOLDADO NO LOCAL | E74: M | F74: 862.6 | G74: =H74+I74 -> 1134.6 | H74: 272 | I74: 862.6 | J74: =F74-I74 -> 0 | K74: 253.69 | L74: =TRUNC(K74*F74,2) -> 218832.99
A75: 5.12 | B75: CP. PRÓPRIA | C75: COMPOSIÇÃO 4 | D75: GUIA (MEIO-FIO) EM TRECHO RETO, CONFECCIONADA EM CONCRETO PRÉ-FABRICADO, DIMENSÕES 100X15X13X20 CM (COMPRIMENTO X BASE INFERIOR X BASE SUPERIOR X ALTURA), PARA URBANIZAÇÃO INTERNA DE EMPREENDIMENTOS, ARMADA. | E75: unid | F75: 600 | G75: =H75+I75 -> 600 | H75: 0 | I75: 600 | J75: =F75-I75 -> 0 | K75: 67.88 | L75: =TRUNC(K75*F75,2) -> 40728
A76: 5.13 | B76: CP. PRÓPRIA | C76: COMPOSIÇÃO 11 | D76: PILAR ARMADO DE REFORÇO DO MEIO-FIO ELEVADO COM SARJETA, ALTURA DE 60CM, COM BROCA DE DIÂMETRO 15CM. (CONCRETO E FORMA DO PILAR PREVISTO JUNTO A COMPOSIÇÃO DO MEIO-FIO ELEVADO). | E76: UNID | F76: 458 | G76: =H76+I76 -> 458 | H76: 0 | I76: 458 | J76: =F76-I76 -> 0 | K76: 44.22 | L76: =TRUNC(K76*F76,2) -> 20252.76
A77: 5.14 | B77: SINAPI | C77: 102498 | D77: PINTURA DE MEIO-FIO COM TINTA BRANCA A BASE DE CAL (CAIAÇÃO). AF_05/2021 | E77: m² | F77: 907.68 | G77: =H77+I77 -> 907.68 | H77: 0 | I77: 907.68 | J77: =F77-I77 -> 0 | K77: 1.88 | L77: =TRUNC(K77*F77,2) -> 1706.43
A78: 6 | D78: ADMINISTRAÇÃO LOCAL | L78: =SUM(L79:L80) -> 22889.52
A79: 6.1 | B79: SINAPI | C79: 90777 | D79: ENGENHEIRO CIVIL DE OBRA JUNIOR COM ENCARGOS COMPLEMENTARES | E79: h | F79: 91.59 | G79: =H79+I79 -> 120 | H79: 28.41 | I79: 91.59 | J79: =F79-I79 -> 0 | K79: 153.09 | L79: =TRUNC(K79*F79,2) -> 14021.51
A80: 6.2 | B80: SINAPI | C80: 90780 | D80: MESTRE DE OBRAS COM ENCARGOS COMPLEMENTARES | E80: h | F80: 195.03 | G80: =H80+I80 -> 240 | H80: 44.97 | I80: 195.03 | J80: =F80-I80 -> 0 | K80: 45.47 | L80: =TRUNC(K80*F80,2) -> 8868.01
K81: VALOR A LICITAR C/ REAJUSTE | L81: =L6+L16+L26+L60+L63+L78 -> 595219.15
D82: ______________________________________ | K82: VALOR EXECUTADO DA OBRA | L82: 181018.46
D83: Responsável Técnico pela Fiscalização | K83: VALOR DO SALDO DA OBRA | L83: 538540.75
D84: Nome: RAFAEL DOS SANTOS ARAUJO LIMA
D85: Profissão: ENGENHEIRO CIVIL
D86: CREA/CAU: CREA 20613/MS

Sheet abc
B2: OBRA: | D2: Bancos
B3: EXECUÇÃO ORLA MARGINAL A MS-475 DE NOVO HORIZONTE DO SUL-MS ENDEREÇO: RODOVIA MS-475/ORLA MARGINAL, S/N, CENTRO PREFEITURA MUNICIPAL DE NOVO HORIZONTE DO SUL/MS | D3: SINAPI - 06/2025 - MS AGESUL - 06/2025 SICRO - MS 04/2025
A6: Item | B6: Descrição | C6: Und | D6: Quant. | E6: Total | F6: Peso (%) | G6: VERIFICAÇÃO | H6: ANTERIOR
A7: 5.11 | B7: BARREIRA DE CONTENÇÃO TIPO MEIO-FIO COM SARJETA, EM CONCRETO ARMADO FCK=20MPA, ALTURA DE 60CM, SEÇÃO 0,128M2, MOLDADO NO LOCAL | C7: M | D7: 862.6 | E7: 218832.99 | F7: 0.36765112 | G7: 218832.99 | H7: 223861.95
A8: 5.5 | B8: EXECUÇÃO DE PAVIMENTO EM PISO INTERTRAVADO, COM BLOCO RETANGULAR COR NATURAL DE 20 X 10 CM, ESPESSURA 6 CM. AF_10/2022 | C8: m² | D8: 1371.46 | E8: 135911.68 | F8: 0.22833889 | G8: 135911.68 | H8: 125612.02 | J8: 81.43 | K8: 0
A9: 5.12 | B9: GUIA (MEIO-FIO) EM TRECHO RETO, CONFECCIONADA EM CONCRETO PRÉ-FABRICADO, DIMENSÕES 100X15X13X20 CM (COMPRIMENTO X BASE INFERIOR X BASE SUPERIOR X ALTURA), PARA URBANIZAÇÃO INTERNA DE EMPREENDIMENTOS, ARMADA. | C9: unid | D9: 600 | E9: 40728 | F9: 0.068425218 | G9: 40728 | H9: 40728
A10: 5.4 | B10: PISO PODOTÁTIL DIRECIONAL, DE CONCRETO, ASSENTADO SOBRE ARGAMASSA | C10: m² | D10: 174.02 | E10: 35077.21 | F10: 0.058931588 | G10: 35077.21 | H10: 33913.01 | I10: CORRIGIR | J10: 165.62 | K10: 0
A11: 5.13 | B11: PILAR ARMADO DE REFORÇO DO MEIO-FIO ELEVADO COM SARJETA, ALTURA DE 60CM, COM BROCA DE DIÂMETRO 15CM. (CONCRETO E FORMA DO PILAR PREVISTO JUNTO A COMPOSIÇÃO DO MEIO-FIO ELEVADO). | C11: UNID | D11: 458 | E11: 20252.76 | F11: 0.03402572 | G11: 20252.76 | H11: 21058.84
A12: 5.3 | B12: PILARETE COM TRILHO TR-25 DE PROTEÇÃO DE VIAS | C12: unid | D12: 28 | E12: 16146.76 | F12: 0.02712742 | G12: 16146.76 | H12: 16108.12
A13: 5.1 | B13: DEMOLIÇÃO DE GUIAS, SARJETAS OU SARJETÕES, DE FORMA MECANIZADA, SEM REAPROVEITAMENTO. AF_09/2023 | C13: m | D13: 934.6 | E13: 15794.74 | F13: 0.026536008 | G13: 15794.74 | H13: 16075.12 | J13: 13.89 | K13: 0
A14: 2.1.2 | B14: REMODELAÇÃO DE MEIO-FIO ELEVADO COM MUDANÇA DE SEÇÃO, ARMADO, COM SARJETA, ALTURA INICIAL DE 60CM E FINAL DE 35CM, SEÇÃO INICIAL 0,128M2 E SEÇÃO FINAL 0,09M2 , CONCRETO FCK=20MPA, MOLDADO NO LOCAL - MODELO ESQUINA MUDANÇA DE SEÇÃO | C14: UNID | D14: 13 | E14: 15529.54 | F14: 0.026090458 | G14: 15529.54 | H14: 15888.34
A15: 6.1 | B15: ENGENHEIRO CIVIL DE OBRA JUNIOR COM ENCARGOS COMPLEMENTARES | C15: h | D15: 91.59 | E15: 14021.51 | F15: 0.023556887 | G15: 14021.51 | H15: 14021.51 | J15: 125.79 | K15: 0
A16: 6.2 | B16: MESTRE DE OBRAS COM ENCARGOS COMPLEMENTARES | C16: h | D16: 195.03 | E16: 8868.01 | F16: 0.014898731 | G16: 8868.01 | H16: 7604.21 | J16: 37.36 | K16: 0
A17: 1.9 | B17: SINALIZAÇÃO DE SEGURANÇA COM TELA PLASTICA TECIDA LISTRADA BRANCA E LARANJA, TIPO GUARDA CORPO, EM POLIETILENO MONOFILADO, ROLO 1,20 X 50 M (L X C) | C17: M | D17: 862.6 | E17: 8065.31 | F17: 0.013550152 | G17: 8065.31 | H17: 8134.31
A18: 1.5 | B18: PADRAO PROVISORIO TRIFASICO ATE 27 KW | C18: unid | D18: 1 | E18: 6940.65 | F18: 0.011660663 | G18: 6940.65 | H18: 6561.1 | J18: 5702.62 | K18: 0
A19: 4.1 | B19: COMPACTAÇÃO MECÂNICA DE SOLO PARA EXECUÇÃO DE RADIER, PISO DE CONCRETO OU LAJE SOBRE SOLO, COM COMPACTADOR DE SOLOS A PERCUSSÃO. AF_09/2021 | C19: m² | D19: 1567.56 | E19: 6035.1 | F19: 0.010139291 | G19: 6035.1 | H19: 6035.1 | J19: 3.17 | K19: 0
A20: 5.6 | B20: TRANSPORTE COM CAMINHÃO CARROCERIA 9T, EM VIA URBANA PAVIMENTADA, DMT ATÉ 30KM (UNIDADE: TXKM). AF_07/2020 | C20: Txkm | D20: 1974.9024 | E20: 5253.24 | F20: 0.0088257241 | G20: 5253.24 | H20: 5509.97 | J20: 2.19 | K20: 0
A21: 2.1.4 | B21: PILARETE DE CONCRETO ARMADO DE PROTEÇÃO DAS ESQUINAS D=15CM, H=80CM | C21: unid | D21: 39 | E21: 5048.55 | F21: 0.008481834 | G21: 5048.55 | H21: 5076.24
A22: 1.2 | B22: PLACA DE OBRA EM CHAPA GALVANIZADA N. 22, ADESIVADA | C22: m² | D22: 8 | E22: 4946.8 | F22: 0.0083108885 | G22: 4946.8 | H22: 4948.48 | J22: 508.06 | K22: 0
A23: 4.2 | B23: ESPALHAMENTO DE TERRA | C23: m³ | D23: 156.756 | E23: 3956.52 | F23: 0.0066471652 | G23: 3956.52 | H23: 3956.52 | J23: 20.74 | K23: 0
A24: 1.3 | B24: LOCACAO DE CONTAINER 2,30 X 6,00 M, ALT. 2,50 M, COM 1 SANITARIO, PARA ESCRITORIO, COMPLETO, SEM DIVISORIAS INTERNAS, EXCLUSIVE TRANSPORTE/CARGA/DESCARGA | C24: mês | D24: 3 | E24: 3298.92 | F24: 0.005542362 | G24: 3298.92 | H24: 3039.69 | J24: 903.5 | K24: 0
A25: 3.1.4 | B25: TEXTURA ACRÍLICA, APLICAÇÃO MANUAL EM PAREDE, UMA DEMÃO. AF_04/2023 | C25: m² | D25: 213.48 | E25: 3291.86 | F25: 0.0055305008 | G25: 3291.86 | H25: 3434.89 | J25: 12.67 | K25: 0
A26: 3.1.3 | B26: APLICAÇÃO MANUAL DE PINTURA COM TINTA LÁTEX ACRÍLICA EM PAREDES, DUAS DEMÃOS. AF_06/2014 | C26: m² | D26: 213.48 | E26: 3112.53 | F26: 0.0052292168 | G26: 3112.53 | H26: 3236.35 | J26: 11.98 | K26: 0
A27: 1.6 | B27: INSTALACAO PROVISORIA DE AGUA E ESGOTO PARA OBRAS DE PORTE PEQUENO | C27: UN | D27: 1 | E27: 2897.92 | F27: 0.0048686606 | G27: 2897.92 | H27: 767.6 | I27: SUBST. POR AGESUL
A28: 3.1.5 | B28: CHAPIM (RUFO CAPA) EM AÇO GALVANIZADO, CORTE 33. AF_11/2020 | C28: m | D28: 60 | E28: 2734.8 | F28: 0.0045946102 | G28: 2734.8 | H28: 2841 | J28: 37.45 | K28: 0
A29: 5.9 | B29: TRANSPORTE COM CAMINHÃO BASCULANTE DE 18 M³, EM VIA URBANA PAVIMENTADA, ADICIONAL PARA DMT EXCEDENTE A 30 KM (UNIDADE: M3XKM). AF_07/2020 (AREIA PISO INTERTRAVADO) | C29: m³xkm | D29: 2606.3683 | E29: 2397.85 | F29: 0.0040285162 | G29: 2397.85 | H29: 2528.17 | J29: 0.76 | K29: 0
A30: 5.8 | B30: TRANSPORTE COM CAMINHÃO BASCULANTE DE 18 M³, EM VIA URBANA PAVIMENTADA, DMT ATÉ 30 KM (UNIDADE: M3XKM). AF_07/2020 (AREIA PISO INTERTRAVADO) | C30: m³xkm | D30: 1071.1103 | E30: 2388.57 | F30: 0.0040129253 | G30: 2388.57 | H30: 2527.82 | J30: 1.84 | K30: 0
A31: 2.1.1 | B31: EXECUÇÃO DE PASSEIO (CALÇADA) OU PISO DE CONCRETO COM CONCRETO MOLDADO IN LOCO, FEITO EM OBRA, ACABAMENTO CONVENCIONAL, NÃO ARMADO. (10CM) | C31: m³ | D31: 2.106 | E31: 1922.01 | F31: 0.0032290796 | G31: 1922.01 | H31: 1927.74 | J31: 749.85 | K31: 0
A32: 5.14 | B32: PINTURA DE MEIO-FIO COM TINTA BRANCA A BASE DE CAL (CAIAÇÃO). AF_05/2021 | C32: m² | D32: 907.68 | E32: 1706.43 | F32: 0.0028668936 | G32: 1706.43 | H32: 1706.43 | J32: 1.55 | K32: 0
A33: 1.7 | B33: LOCACAO DE CACAMBA (4M3) (7 DIAS) | C33: unid | D33: 4 | E33: 1703.92 | F33: 0.0028626767 | G33: 1703.92 | H33: 1703.92 | J33: 350 | K33: 0
A34: 1.4 | B34: MOBILIZACAO E DESMOBILIZACAO DE CONTAINER | C34: unid | D34: 1 | E34: 1319.04 | F34: 0.0022160577 | G34: 1319.04 | H34: 1333.84 | J34: 1083.76 | K34: 0
A35: 5.7 | B35: TRANSPORTE COM CAMINHÃO CARROCERIA 9T, EM VIA URBANA PAVIMENTADA, ADICIONAL PARA DMT EXCEDENTE A 30 KM (UNIDADE: TXKM). AF_07/2020 | C35: Txkm | D35: 1171.7754 | E35: 1230.36 | F35: 0.0020670706 | G35: 1230.36 | H35: 1288.95 | J35: 0.87 | K35: 0
A36: 1.8 | B36: SINALIZAÇÃO DE SEGURANÇA COM CONE DE SINALIZACAO EM PVC RIGIDO COM FAIXA REFLETIVA, H = 70 / 76 CM | C36: UN | D36: 20 | E36: 1144 | F36: 0.0019219812 | G36: 1144 | H36: 1162.8
A37: 5.2 | B37: TRANSPORTE COM CAMINHÃO BASCULANTE DE 10 M³, EM VIA URBANA PAVIMENTADA, DMT ATÉ 30 KM (UNIDADE: M3XKM). AF_07/2020 (BOTA-FORA) | C37: m³xkm | D37: 348.9 | E37: 1032.74 | F37: 0.0017350584 | G37: 1032.74 | H37: 1081.59 | J37: 2.44 | K37: 0
A38: 3.1.2 | B38: APLICAÇÃO DE FUNDO SELADOR ACRÍLICO EM PAREDES, UMA DEMÃO. AF_06/2014 | C38: m² | D38: 213.48 | E38: 996.95 | F38: 0.0016749293 | G38: 996.95 | H38: 964.92 | J38: 3.84 | K38: 0
A39: 2.1.3 | B39: GUIA (MEIO-FIO) E SARJETA CONJUGADOS DE CONCRETO, MOLDADA IN LOCO EM TRECHO CURVO COM EXTRUSORA, 45 CM BASE (15 CM BASE DA GUIA + 30 CM BASE DA SARJETA) X 22 CM ALTURA. AF_06/2016 | C39: m | D39: 12.22 | E39: 942.52 | F39: 0.001583484 | G39: 942.52 | H39: 965.5 | J39: 63.38 | K39: 0
A40: 3.1.1 | B40: EMBOCO OU MASSA UNICA EM ARGAMASSA TRACO 1:2:8, PREPARO MANUAL, ESP=25MM | C40: M2 | D40: 12 | E40: 846 | F40: 0.0014213252 | G40: 846 | H40: 847.32 | J40: 57.93 | K40: 0
A41: 5.10 | B41: EXECUÇÃO DE PASSEIO (CALÇADA) OU PISO DE CONCRETO COM CONCRETO MOLDADO IN LOCO, FEITO EM OBRA, ACABAMENTO CONVENCIONAL, NÃO ARMADO. (7CM) | C41: m³ | D41: 0.6846 | E41: 624.79 | F41: 0.0010496806 | G41: 624.79 | H41: 626.65 | J41: 749.85 | K41: 0
A42: 1.1 | B42: LOCAÇÃO COM CAVALETE COM ALTURA DE 1,00 M | C42: unid | D42: 1 | E42: 216.75 | F42: 0.00036415159 | G42: 216.75 | H42: 216.91 | J42: 178.09 | K42: 0
A43: 2.1.5 | B43: PINTURA DE MEIO-FIO COM TINTA BRANCA A BASE DE CAL (CAIAÇÃO). AF_05/2021 | C43: m² | D43: 0.9711 | E43: 1.82 | F43: 3.0576973e-06 | G43: 1.82 | H43: 1.82 | J43: 1.55 | K43: 0
B44: 26 de agosto de 2025
B47: ________________________________________
B48: RAFAEL DOS SANTOS ARAUJO LIMA
B49: Eng. Civil - CREA/MS 20613D
B52: ____________________________________
B53: ALDENIR BARBOSA DO NASCIMENTO
B54: Prefeito Municipal

Sheet atestado
A2: Item | B2: Descrição | C2: Unidade | D2: Qtd. Exig. Atestado | E2: Qtd. Edital
A3: 5.5 | B3: EXECUÇÃO DE PAVIMENTO EM PISO INTERTRAVADO, COM BLOCO RETANGULAR COR NATURAL DE 20 X 10 CM, ESPESSURA 6 CM. | C3: m² | D3: =E3/2 -> 685.73 | E3: 1371.46
A4: 5.12 | B4: GUIA (MEIO-FIO) EM TRECHO RETO, CONFECCIONADA EM CONCRETO PRÉ-FABRICADO, | C4: unid | D4: =E4/2 -> 300 | E4: 600

Sheet Orçamento Sintético
D2: OBRA: | F2: Bancos | I2: B.D.I.
D3: EXECUÇÃO ORLA MARGINAL A MS-475 DE NOVO HORIZONTE DO SUL-MS ENDEREÇO: RODOVIA MS-475/ORLA MARGINAL, S/N, CENTRO PREFEITURA MUNICIPAL DE NOVO HORIZONTE DO SUL/MS | F3: SINAPI - 06/2025 - MS AGESUL - 06/2025 SICRO - MS 04/2025 | I3: 0.2171
A5: ORÇAMENTO SINTÉTICO - MÉTODO TRUNCADO
A6: Item | B6: Banco | C6: Código | D6: Descrição | E6: Und | F6: Quant. | G6: MEMÓRIA DE CÁLCULO | H6: Valor Unit | I6: Preço Unitário | J6: Total | K6: Peso (%) | L6: VERIFICAÇÃO | M6: ANTERIOR
A7: 1 | D7: SERVIÇOS PRELIMINARES | J7: =SUM(J8:J16) -> 30533.31 | K7: =J7/$I$53 -> 0.051297593
A8: 1.1 | B8: SINAPI | C8: 99060 | D8: LOCAÇÃO COM CAVALETE COM ALTURA DE 1,00 M | E8: unid | F8: 1 | G8: 14 unidades | H8: =VLOOKUP(C8,sinapi!A$1:D$14488,4,FALSE) -> 178.09 | I8: =TRUNC(H8*(1+$I$3),2) -> 216.75 | J8: =TRUNC(I8*F8,2) -> 216.75 | K8: =(J8/$I$53) -> 0.00036415159 | L8: =J8 -> 216.75 | M8: 216.91 | O8: 178.09 | P8: =H8-O8 -> 0
A9: 1.2 | B9: AGESUL | C9: 101001101 | D9: PLACA DE OBRA EM CHAPA GALVANIZADA N. 22, ADESIVADA | E9: m² | F9: 8 | G9: =2*4 | H9: =VLOOKUP(C9,agesul!A$1:D$15489,4,FALSE) -> 508.06 | I9: =TRUNC(H9*(1+$I$3),2) -> 618.35 | J9: =TRUNC(I9*F9,2) -> 4946.8 | K9: =(J9/$I$53) -> 0.0083108885 | L9: =J9 -> 4946.8 | M9: 4948.48 | O9: 508.06 | P9: =H9-O9 -> 0
A10: 1.3 | B10: AGESUL | C10: 101001186 | D10: LOCACAO DE CONTAINER 2,30 X 6,00 M, ALT. 2,50 M, COM 1 SANITARIO, PARA ESCRITORIO, COMPLETO, SEM DIVISORIAS INTERNAS, EXCLUSIVE TRANSPORTE/CARGA/DESCARGA | E10: mês | F10: 3 | G10: 3 meses | H10: =VLOOKUP(C10,agesul!A$1:D$15489,4,FALSE) -> 903.5 | I10: =TRUNC(H10*(1+$I$3),2) -> 1099.64 | J10: =TRUNC(I10*F10,2) -> 3298.92 | K10: =(J10/$I$53) -> 0.005542362 | L10: =J10 -> 3298.92 | M10: 3039.69 | O10: 903.5 | P10: =H10-O10 -> 0
A11: 1.4 | B11: AGESUL | C11: 101001196 | D11: MOBILIZACAO E DESMOBILIZACAO DE CONTAINER | E11: unid | F11: 1 | G11: 1 unidade | H11: =VLOOKUP(C11,agesul!A$1:D$15489,4,FALSE) -> 1083.76 | I11: =TRUNC(H11*(1+$I$3),2) -> 1319.04 | J11: =TRUNC(I11*F11,2) -> 1319.04 | K11: =(J11/$I$53) -> 0.0022160577 | L11: =J11 -> 1319.04 | M11: 1333.84 | O11: 1083.76 | P11: =H11-O11 -> 0
A12: 1.5 | B12: AGESUL | C12: 101003101 | D12: PADRAO PROVISORIO TRIFASICO ATE 27 KW | E12: unid | F12: 1 | G12: 1 unidade | H12: =VLOOKUP(C12,agesul!A$1:D$15489,4,FALSE) -> 5702.62 | I12: =TRUNC(H12*(1+$I$3),2) -> 6940.65 | J12: =TRUNC(I12*F12,2) -> 6940.65 | K12: =(J12/$I$53) -> 0.011660663 | L12: =J12 -> 6940.65 | M12: 6561.1 | O12: 5702.62 | P12: =H12-O12 -> 0
A13: 1.6 | B13: AGESUL | C13: 101002100 | D13: INSTALACAO PROVISORIA DE AGUA E ESGOTO PARA OBRAS DE PORTE PEQUENO | E13: UN | F13: 1 | G13: 1 unidade | H13: =VLOOKUP(C13,agesul!A$1:D$15489,4,FALSE) -> 2381.01 | I13: =TRUNC(H13*(1+$I$3),2) -> 2897.92 | J13: =TRUNC(I13*F13,2) -> 2897.92 | K13: =(J13/$I$53) -> 0.0048686606 | L13: =J13 -> 2897.92 | M13: 767.6 | N13: SUBST. POR AGESUL
A14: 1.7 | B14: AGESUL | C14: 201002161 | D14: LOCACAO DE CACAMBA (4M3) (7 DIAS) | E14: unid | F14: 4 | G14: 4 locações | H14: =VLOOKUP(C14,agesul!A$1:D$15489,4,FALSE) -> 350 | I14: =TRUNC(H14*(1+$I$3),2) -> 425.98 | J14: =TRUNC(I14*F14,2) -> 1703.92 | K14: =(J14/$I$53) -> 0.0028626767 | L14: =J14 -> 1703.92 | M14: 1703.92 | O14: 350 | P14: =H14-O14 -> 0
A15: 1.8 | B15: CP. PRÓPRIA | C15: =Composição!B95 -> COMPOSIÇÃO 12 | D15: =Composição!D96 -> SINALIZAÇÃO DE SEGURANÇA COM CONE DE SINALIZACAO EM PVC RIGIDO COM FAIXA REFLETIVA, H = 70 / 76 CM | E15: UN | F15: 20 | G15: 20 unidades | H15: =Composição!H100 -> 47 | I15: =TRUNC(H15*(1+$I$3),2) -> 57.2 | J15: =TRUNC(I15*F15,2) -> 1144 | K15: =(J15/$I$53) -> 0.0019219812 | L15: =J15 -> 1144 | M15: 1162.8
A16: 1.9 | B16: CP. PRÓPRIA | C16: =Composição!B102 -> COMPOSIÇÃO 13 | D16: =Composição!D103 -> SINALIZAÇÃO DE SEGURANÇA COM TELA PLASTICA TECIDA LISTRADA BRANCA E LARANJA, TIPO GUARDA CORPO, EM POLIETILENO MONOFILADO, ROLO 1,20 X 50 M (L X C) | E16: M | F16: 862.6 | G16: 862,60m de guias a executar com proteção | H16: =Composição!H107 -> 7.69 | I16: =TRUNC(H16*(1+$I$3),2) -> 9.35 | J16: =TRUNC(I16*F16,2) -> 8065.31 | K16: =(J16/$I$53) -> 0.013550152 | L16: =J16 -> 8065.31 | M16: 8134.31
A17: 2 | D17: REMODELAÇÃO ESQUINA CANTEIRO CENTRAL | J17: =J18 -> 23444.44 | K17: =J17/$I$53 -> 0.039387913
A18: 2.1 | D18: REMODELAÇÃO CANTEIRO | J18: =SUM(J19:J23) -> 23444.44 | K18: =(J18/$I$53) -> 0.039387913
A19: 2.1.1 | B19: SINAPI | C19: 94990 | D19: EXECUÇÃO DE PASSEIO (CALÇADA) OU PISO DE CONCRETO COM CONCRETO MOLDADO IN LOCO, FEITO EM OBRA, ACABAMENTO CONVENCIONAL, NÃO ARMADO. (10CM) | E19: m³ | F19: 2.106 | G19: =((1,62*0,1)*13) | H19: =VLOOKUP(C19,sinapi!A$1:D$14488,4,FALSE) -> 749.85 | I19: =TRUNC(H19*(1+$I$3),2) -> 912.64 | J19: =TRUNC(I19*F19,2) -> 1922.01 | K19: =(J19/$I$53) -> 0.0032290796 | L19: =J19 -> 1922.01 | M19: 1927.74 | O19: 749.85 | P19: =H19-O19 -> 0
A20: 2.1.2 | B20: CP. PRÓPRIA | C20: =Composição!B76 -> COMPOSIÇÃO 9 | D20: =Composição!D77 -> REMODELAÇÃO DE MEIO-FIO ELEVADO COM MUDANÇA DE SEÇÃO, ARMADO, COM SARJETA, ALTURA INICIAL DE 60CM E FINAL DE 35CM, SEÇÃO INICIAL 0,128M2 E SEÇÃO FINAL 0,09M2 , CONCRETO FCK=20MPA, MOLDADO NO LOCAL - MODELO ESQUINA MUDANÇA DE SEÇÃO | E20: =Composição!E77 -> UNID | F20: 13 | G20: =(13) | H20: =Composição!H84 -> 981.5 | I20: =TRUNC(H20*(1+$I$3),2) -> 1194.58 | J20: =TRUNC(I20*F20,2) -> 15529.54 | K20: =(J20/$I$53) -> 0.026090458 | L20: =J20 -> 15529.54 | M20: 15888.34
A21: 2.1.3 | B21: SINAPI | C21: 94268 | D21: GUIA (MEIO-FIO) E SARJETA CONJUGADOS DE CONCRETO, MOLDADA IN LOCO EM TRECHO CURVO COM EXTRUSORA, 45 CM BASE (15 CM BASE DA GUIA + 30 CM BASE DA SARJETA) X 22 CM ALTURA. AF_06/2016 | E21: m | F21: 12.22 | G21: =(0,94*13) | H21: =VLOOKUP(C21,sinapi!A$1:D$14488,4,FALSE) -> 63.38 | I21: =TRUNC(H21*(1+$I$3),2) -> 77.13 | J21: =TRUNC(I21*F21,2) -> 942.52 | K21: =(J21/$I$53) -> 0.001583484 | L21: =J21 -> 942.52 | M21: 965.5 | O21: 63.38 | P21: =H21-O21 -> 0
A22: 2.1.4 | B22: CP. PRÓPRIA | C22: =Composição!B13 -> COMPOSIÇÃO 2 | D22: =Composição!D14 -> PILARETE DE CONCRETO ARMADO DE PROTEÇÃO DAS ESQUINAS D=15CM, H=80CM | E22: unid | F22: 39 | G22: =(3*13) | H22: =Composição!H20 -> 106.36 | I22: =TRUNC(H22*(1+$I$3),2) -> 129.45 | J22: =TRUNC(I22*F22,2) -> 5048.55 | K22: =(J22/$I$53) -> 0.008481834 | L22: =J22 -> 5048.55 | M22: 5076.24
A23: 2.1.5 | B23: SINAPI | C23: 102498 | D23: PINTURA DE MEIO-FIO COM TINTA BRANCA A BASE DE CAL (CAIAÇÃO). AF_05/2021 | E23: m² | F23: 0.9711 | G23: =(((4,04+0,94)*(0,15*0,1))*13) | H23: =VLOOKUP(C23,sinapi!A$1:D$14488,4,FALSE) -> 1.55 | I23: =TRUNC(H23*(1+$I$3),2) -> 1.88 | J23: =TRUNC(I23*F23,2) -> 1.82 | K23: =(J23/$I$53) -> 3.0576973e-06 | L23: =J23 -> 1.82 | M23: 1.82 | O23: 1.55 | P23: =H23-O23 -> 0
A24: 3 | D24: CONSTRUÇÃO PÓRTICOS | J24: =(J25) -> 10982.14 | K24: =J24/$I$53 -> 0.018450582
A25: 3.1 | D25: ACABAMENTO | J25: =SUM(J26:J30) -> 10982.14 | K25: =(J25/$I$53) -> 0.018450582
A26: 3.1.1 | B26: AGESUL | C26: 501000145 | D26: EMBOCO OU MASSA UNICA EM ARGAMASSA TRACO 1:2:8, PREPARO MANUAL, ESP=25MM | E26: M2 | F26: 12 | G26: =(((10,8*2)+(3,6*0,3)+(2,95*0,3)+(2,4*0,3*2)+(5,6*0,3)+(7,4*0,3))*8) | H26: =VLOOKUP(C26,agesul!A$1:D$15489,4,FALSE) -> 57.93 | I26: =TRUNC(H26*(1+$I$3),2) -> 70.5 | J26: =TRUNC(I26*F26,2) -> 846 | K26: =(J26/$I$53) -> 0.0014213252 | L26: =J26 -> 846 | M26: 847.32 | O26: 57.93 | P26: =H26-O26 -> 0
A27: 3.1.2 | B27: SINAPI | C27: 88485 | D27: APLICAÇÃO DE FUNDO SELADOR ACRÍLICO EM PAREDES, UMA DEMÃO. AF_06/2014 | E27: m² | F27: 213.48 | G27: =(((10,8*2)+(3,6*0,3)+(2,95*0,3)+(2,4*0,3*2)+(5,6*0,3))*8) | H27: =VLOOKUP(C27,sinapi!A$1:D$14488,4,FALSE) -> 3.84 | I27: =TRUNC(H27*(1+$I$3),2) -> 4.67 | J27: =TRUNC(I27*F27,2) -> 996.95 | K27: =(J27/$I$53) -> 0.0016749293 | L27: =J27 -> 996.95 | M27: 964.92 | O27: 3.84 | P27: =H27-O27 -> 0
A28: 3.1.3 | B28: SINAPI | C28: 88489 | D28: APLICAÇÃO MANUAL DE PINTURA COM TINTA LÁTEX ACRÍLICA EM PAREDES, DUAS DEMÃOS. AF_06/2014 | E28: m² | F28: 213.48 | G28: =(((10,8*2)+(3,6*0,3)+(2,95*0,3)+(2,4*0,3*2)+(5,6*0,3))*8) | H28: =VLOOKUP(C28,sinapi!A$1:D$14488,4,FALSE) -> 11.98 | I28: =TRUNC(H28*(1+$I$3),2) -> 14.58 | J28: =TRUNC(I28*F28,2) -> 3112.53 | K28: =(J28/$I$53) -> 0.0052292168 | L28: =J28 -> 3112.53 | M28: 3236.35 | O28: 11.98 | P28: =H28-O28 -> 0
A29: 3.1.4 | B29: SINAPI | C29: 95305 | D29: TEXTURA ACRÍLICA, APLICAÇÃO MANUAL EM PAREDE, UMA DEMÃO. AF_04/2023 | E29: m² | F29: 213.48 | G29: =(((10,8*2)+(3,6*0,3)+(2,95*0,3)+(2,4*0,3*2)+(5,6*0,3))*8) | H29: =VLOOKUP(C29,sinapi!A$1:D$14488,4,FALSE) -> 12.67 | I29: =TRUNC(H29*(1+$I$3),2) -> 15.42 | J29: =TRUNC(I29*F29,2) -> 3291.86 | K29: =(J29/$I$53) -> 0.0055305008 | L29: =J29 -> 3291.86 | M29: 3434.89 | O29: 12.67 | P29: =H29-O29 -> 0
A30: 3.1.5 | B30: SINAPI | C30: 101979 | D30: CHAPIM (RUFO CAPA) EM AÇO GALVANIZADO, CORTE 33. AF_11/2020 | E30: m | F30: 60 | G30: =(7,5*8) | H30: =VLOOKUP(C30,sinapi!A$1:D$14488,4,FALSE) -> 37.45 | I30: =TRUNC(H30*(1+$I$3),2) -> 45.58 | J30: =TRUNC(I30*F30,2) -> 2734.8 | K30: =(J30/$I$53) -> 0.0045946102 | L30: =J30 -> 2734.8 | M30: 2841 | O30: 37.45 | P30: =H30-O30 -> 0
A31: 4 | D31: MOVIMENTAÇÃO DE TERRA | J31: =SUM(J32:J33) -> 9991.62 | K31: =J31/$I$53 -> 0.016786456
A32: 4.1 | B32: SINAPI | C32: 97083 | D32: COMPACTAÇÃO MECÂNICA DE SOLO PARA EXECUÇÃO DE RADIER, PISO DE CONCRETO OU LAJE SOBRE SOLO, COM COMPACTADOR DE SOLOS A PERCUSSÃO. AF_09/2021 | E32: m² | F32: 1567.56 | G32: =(176,32+1381,46+(6*1,63)) | H32: =VLOOKUP(C32,sinapi!A$1:D$14488,4,FALSE) -> 3.17 | I32: =TRUNC(H32*(1+$I$3),2) -> 3.85 | J32: =TRUNC(I32*F32,2) -> 6035.1 | K32: =(J32/$I$53) -> 0.010139291 | L32: =J32 -> 6035.1 | M32: 6035.1 | O32: 3.17 | P32: =H32-O32 -> 0
A33: 4.2 | B33: AGESUL | C33: 401001117 | D33: ESPALHAMENTO DE TERRA | E33: m³ | F33: 156.756 | G33: =((176,32+1381,46+(6*1,63))*0,1) | H33: =VLOOKUP(C33,agesul!A$1:D$15489,4,FALSE) -> 20.74 | I33: =TRUNC(H33*(1+$I$3),2) -> 25.24 | J33: =TRUNC(I33*F33,2) -> 3956.52 | K33: =(J33/$I$53) -> 0.0066471652 | L33: =J33 -> 3956.52 | M33: 3956.52 | O33: 20.74 | P33: =H33-O33 -> 0
A34: 5 | D34: ORLA MARGINAL | J34: =SUM(J35:J48) -> 497378.12 | K34: =J34/$I$53 -> 0.83562184
A35: 5.1 | B35: SINAPI | C35: 104796 | D35: DEMOLIÇÃO DE GUIAS, SARJETAS OU SARJETÕES, DE FORMA MECANIZADA, SEM REAPROVEITAMENTO. AF_09/2023 | E35: m | F35: 934.6 | G35: =((215,8+125,8+202,8+90,8+145,8+176,8+176,8)) | H35: =VLOOKUP(C35,sinapi!A$1:D$14488,4,FALSE) -> 13.89 | I35: =TRUNC(H35*(1+$I$3),2) -> 16.9 | J35: =TRUNC(I35*F35,2) -> 15794.74 | K35: =(J35/$I$53) -> 0.026536008 | L35: =J35 -> 15794.74 | M35: 16075.12 | O35: 13.89 | P35: =H35-O35 -> 0
A36: 5.2 | B36: SINAPI | C36: 95875 | D36: TRANSPORTE COM CAMINHÃO BASCULANTE DE 10 M³, EM VIA URBANA PAVIMENTADA, DMT ATÉ 30 KM (UNIDADE: M3XKM). AF_07/2020 (BOTA-FORA) | E36: m³xkm | F36: 348.9 | G36: =(5*69,78) | H36: =VLOOKUP(C36,sinapi!A$1:D$14488,4,FALSE) -> 2.44 | I36: =TRUNC(H36*(1+$I$3),2) -> 2.96 | J36: =TRUNC(I36*F36,2) -> 1032.74 | K36: =(J36/$I$53) -> 0.0017350584 | L36: =J36 -> 1032.74 | M36: 1081.59 | O36: 2.44 | P36: =H36-O36 -> 0
A37: 5.3 | B37: CP. PRÓPRIA | C37: =Composição!B48 -> COMPOSIÇÃO 6 | D37: =Composição!D49 -> PILARETE COM TRILHO TR-25 DE PROTEÇÃO DE VIAS | E37: unid | F37: 28 | G37: =(2*14) | H37: =Composição!H58 -> 473.81 | I37: =TRUNC(H37*(1+$I$3),2) -> 576.67 | J37: =TRUNC(I37*F37,2) -> 16146.76 | K37: =(J37/$I$53) -> 0.02712742 | L37: =J37 -> 16146.76 | M37: 16108.12
A38: 5.4 | B38: SINAPI | C38: 104658 | D38: PISO PODOTÁTIL DIRECIONAL, DE CONCRETO, ASSENTADO SOBRE ARGAMASSA | E38: m² | F38: 174.02 | G38: =(57,16+54,82+35,57+26,47) | H38: =VLOOKUP(C38,sinapi!A$1:D$14488,4,FALSE) -> 165.62 | I38: =TRUNC(H38*(1+$I$3),2) -> 201.57 | J38: =TRUNC(I38*F38,2) -> 35077.21 | K38: =(J38/$I$53) -> 0.058931588 | L38: =J38 -> 35077.21 | M38: 33913.01 | N38: CORRIGIR | O38: 165.62 | P38: =H38-O38 -> 0
A39: 5.5 | B39: SINAPI | C39: 92397 | D39: EXECUÇÃO DE PAVIMENTO EM PISO INTERTRAVADO, COM BLOCO RETANGULAR COR NATURAL DE 20 X 10 CM, ESPESSURA 6 CM. AF_10/2022 | E39: m² | F39: 1371.46 | G39: =(453,07+430,93+276,93+210,53) | H39: =VLOOKUP(C39,sinapi!A$1:D$14488,4,FALSE) -> 81.43 | I39: =TRUNC(H39*(1+$I$3),2) -> 99.1 | J39: =TRUNC(I39*F39,2) -> 135911.68 | K39: =(J39/$I$53) -> 0.22833889 | L39: =J39 -> 135911.68 | M39: 125612.02 | O39: 81.43 | P39: =H39-O39 -> 0
A40: 5.6 | B40: SINAPI | C40: 100947 | D40: TRANSPORTE COM CAMINHÃO CARROCERIA 9T, EM VIA URBANA PAVIMENTADA, DMT ATÉ 30KM (UNIDADE: TXKM). AF_07/2020 | E40: Txkm | F40: 1974.9024 | G40: =((0,06*0,2*0,1*2,4)*(50*1371,46)*30/3) | H40: =VLOOKUP(C40,sinapi!A$1:D$14488,4,FALSE) -> 2.19 | I40: =TRUNC(H40*(1+$I$3),2) -> 2.66 | J40: =TRUNC(I40*F40,2) -> 5253.24 | K40: =(J40/$I$53) -> 0.0088257241 | L40: =J40 -> 5253.24 | M40: 5509.97 | O40: 2.19 | P40: =H40-O40 -> 0
A41: 5.7 | B41: SINAPI | C41: 100948 | D41: TRANSPORTE COM CAMINHÃO CARROCERIA 9T, EM VIA URBANA PAVIMENTADA, ADICIONAL PARA DMT EXCEDENTE A 30 KM (UNIDADE: TXKM). AF_07/2020 | E41: Txkm | F41: 1171.7754 | G41: =((0,06*0,2*0,1*2,4)*(50*1371,46)*17,8/3) | H41: =VLOOKUP(C41,sinapi!A$1:D$14488,4,FALSE) -> 0.87 | I41: =TRUNC(H41*(1+$I$3),2) -> 1.05 | J41: =TRUNC(I41*F41,2) -> 1230.36 | K41: =(J41/$I$53) -> 0.0020670706 | L41: =J41 -> 1230.36 | M41: 1288.95 | O41: 0.87 | P41: =H41-O41 -> 0
A42: 5.8 | B42: SINAPI | C42: 95877 | D42: TRANSPORTE COM CAMINHÃO BASCULANTE DE 18 M³, EM VIA URBANA PAVIMENTADA, DMT ATÉ 30 KM (UNIDADE: M3XKM). AF_07/2020 (AREIA PISO INTERTRAVADO) | E42: m³xkm | F42: 1071.1103 | G42: =((0,0568*1371,46*1,375)*30/3) | H42: =VLOOKUP(C42,sinapi!A$1:D$14488,4,FALSE) -> 1.84 | I42: =TRUNC(H42*(1+$I$3),2) -> 2.23 | J42: =TRUNC(I42*F42,2) -> 2388.57 | K42: =(J42/$I$53) -> 0.0040129253 | L42: =J42 -> 2388.57 | M42: 2527.82 | O42: 1.84 | P42: =H42-O42 -> 0
A43: 5.9 | B43: SINAPI | C43: 95427 | D43: TRANSPORTE COM CAMINHÃO BASCULANTE DE 18 M³, EM VIA URBANA PAVIMENTADA, ADICIONAL PARA DMT EXCEDENTE A 30 KM (UNIDADE: M3XKM). AF_07/2020 (AREIA PISO INTERTRAVADO) | E43: =E42 -> m³xkm | F43: 2606.3683 | G43: =((0,0568*1371,46*1,375)*73/3) | H43: =VLOOKUP(C43,sinapi!A$1:D$14488,4,FALSE) -> 0.76 | I43: =TRUNC(H43*(1+$I$3),2) -> 0.92 | J43: =TRUNC(I43*F43,2) -> 2397.85 | K43: =(J43/$I$53) -> 0.0040285162 | L43: =J43 -> 2397.85 | M43: 2528.17 | O43: 0.76 | P43: =H43-O43 -> 0
A44: 5.10 | B44: SINAPI | C44: 94990 | D44: EXECUÇÃO DE PASSEIO (CALÇADA) OU PISO DE CONCRETO COM CONCRETO MOLDADO IN LOCO, FEITO EM OBRA, ACABAMENTO CONVENCIONAL, NÃO ARMADO. (7CM) | E44: m³ | F44: 0.6846 | G44: =(6*1,63*0,07) | H44: =VLOOKUP(C44,sinapi!A$1:D$14488,4,FALSE) -> 749.85 | I44: =TRUNC(H44*(1+$I$3),2) -> 912.64 | J44: =TRUNC(I44*F44,2) -> 624.79 | K44: =(J44/$I$53) -> 0.0010496806 | L44: =J44 -> 624.79 | M44: 626.65 | O44: 749.85 | P44: =H44-O44 -> 0
A45: 5.11 | B45: CP. PRÓPRIA | C45: =Composição!B60 -> COMPOSIÇÃO 7 | D45: =Composição!D61 -> BARREIRA DE CONTENÇÃO TIPO MEIO-FIO COM SARJETA, EM CONCRETO ARMADO FCK=20MPA, ALTURA DE 60CM, SEÇÃO 0,128M2, MOLDADO NO LOCAL | E45: =Composição!E61 -> M | F45: 862.6 | G45: SALDO DE 862,60M LINEARES | H45: =Composição!H67 -> 208.44 | I45: =TRUNC(H45*(1+$I$3),2) -> 253.69 | J45: =TRUNC(I45*F45,2) -> 218832.99 | K45: =(J45/$I$53) -> 0.36765112 | L45: =J45 -> 218832.99 | M45: 223861.95
A46: 5.12 | B46: CP. PRÓPRIA | C46: =Composição!B29 -> COMPOSIÇÃO 4 | D46: =Composição!D30 -> GUIA (MEIO-FIO) EM TRECHO RETO, CONFECCIONADA EM CONCRETO PRÉ-FABRICADO, DIMENSÕES 100X15X13X20 CM (COMPRIMENTO X BASE INFERIOR X BASE SUPERIOR X ALTURA), PARA URBANIZAÇÃO INTERNA DE EMPREENDIMENTOS, ARMADA. | E46: unid | F46: 600 | G46: =(113+67+106+50+78+93+93) | H46: =Composição!H39 -> 55.78 | I46: =TRUNC(H46*(1+$I$3),2) -> 67.88 | J46: =TRUNC(I46*F46,2) -> 40728 | K46: =(J46/$I$53) -> 0.068425218 | L46: =J46 -> 40728 | M46: 40728
A47: 5.13 | B47: CP. PRÓPRIA | C47: =Composição!B87 -> COMPOSIÇÃO 11 | D47: =Composição!D88 -> PILAR ARMADO DE REFORÇO DO MEIO-FIO ELEVADO COM SARJETA, ALTURA DE 60CM, COM BROCA DE DIÂMETRO 15CM. (CONCRETO E FORMA DO PILAR PREVISTO JUNTO A COMPOSIÇÃO DO MEIO-FIO ELEVADO). | E47: =Composição!E88 -> UNID | F47: 458 | G47: CONFORME CÁLCULO PILARES DE REFORÇO | H47: =Composição!H93 -> 36.34 | I47: =TRUNC(H47*(1+$I$3),2) -> 44.22 | J47: =TRUNC(I47*F47,2) -> 20252.76 | K47: =(J47/$I$53) -> 0.03402572 | L47: =J47 -> 20252.76 | M47: 21058.84
A48: 5.14 | B48: SINAPI | C48: 102498 | D48: PINTURA DE MEIO-FIO COM TINTA BRANCA A BASE DE CAL (CAIAÇÃO). AF_05/2021 | E48: m² | F48: 907.68 | G48: =((215,8+125,8+202,8+90,8+145,8+176,8+176,8)*(0,5+0,3)) | H48: =VLOOKUP(C48,sinapi!A$1:D$14488,4,FALSE) -> 1.55 | I48: =TRUNC(H48*(1+$I$3),2) -> 1.88 | J48: =TRUNC(I48*F48,2) -> 1706.43 | K48: =(J48/$I$53) -> 0.0028668936 | L48: =J48 -> 1706.43 | M48: 1706.43 | O48: 1.55 | P48: =H48-O48 -> 0
A49: 6 | D49: ADMINISTRAÇÃO LOCAL | J49: =(J50+J51) -> 22889.52 | K49: =J49/$I$53 -> 0.038455618
A50: 6.1 | B50: SINAPI | C50: 90777 | D50: ENGENHEIRO CIVIL DE OBRA JUNIOR COM ENCARGOS COMPLEMENTARES | E50: h | F50: 91.59 | G50: 91.59 | H50: =VLOOKUP(C50,sinapi!A$1:D$14488,4,FALSE) -> 125.79 | I50: =TRUNC(H50*(1+$I$3),2) -> 153.09 | J50: =TRUNC(I50*F50,2) -> 14021.51 | K50: =(J50/$I$53) -> 0.023556887 | L50: =J50 -> 14021.51 | M50: 14021.51 | O50: 125.79 | P50: =H50-O50 -> 0
A51: 6.2 | B51: SINAPI | C51: 90780 | D51: MESTRE DE OBRAS COM ENCARGOS COMPLEMENTARES | E51: h | F51: 195.03 | G51: 195.03 | H51: =VLOOKUP(C51,sinapi!A$1:D$14488,4,FALSE) -> 37.36 | I51: =TRUNC(H51*(1+$I$3),2) -> 45.47 | J51: =TRUNC(I51*F51,2) -> 8868.01 | K51: =(J51/$I$53) -> 0.014898731 | L51: =J51 -> 8868.01 | M51: 7604.21 | O51: 37.36 | P51: =H51-O51 -> 0
D52: 26 de agosto de 2025
F53: Total Geral | I53: =(J7+J17+J24+J31+J34+J49) -> 595219.15 | L53: =SUM(L7:L51) -> 595219.15 | M53: 587296.75
D56: ________________________________________
D57: RAFAEL DOS SANTOS ARAUJO LIMA
D58: Eng. Civil - CREA/MS 20613D
D61: ____________________________________
D62: ALDENIR BARBOSA DO NASCIMENTO
D63: Prefeito Municipal

Sheet Resumo
B2: OBRA: | C2: B.D.I. | D2: Bancos | E2: Encargos Sociais
B3: EXECUÇÃO ORLA MARGINAL A MS-475 DE NOVO HORIZONTE DO SUL-MS ENDEREÇO: RODOVIA MS-475/ORLA MARGINAL, S/N, CENTRO PREFEITURA MUNICIPAL DE NOVO HORIZONTE DO SUL/MS | C3: 0.2171 | D3: SINAPI - 01/2025 - MS AGESUL - 01/2025 SICRO - MS 01/2025 | E3: Não Desonerado: Horista: 106,76% Mensalista: 64,39%
A5: ORÇAMENTO RESUMIDO
A6: Item | B6: Descrição | E6: Total | F6: Peso (%)
A7: 1 | B7: SERVIÇOS PRELIMINARES | E7: ='Orçamento Sintético'!$J$7 -> 30533.31 | F7: ='Orçamento Sintético'!K7 -> 0.051297593
A8: 2 | B8: REMODELAÇÃO ESQUINA CANTEIRO CENTRAL | E8: ='Orçamento Sintético'!J17 -> 23444.44 | F8: ='Orçamento Sintético'!K17 -> 0.039387913
A9: 2.1 | B9: REMODELAÇÃO CANTEIRO | E9: ='Orçamento Sintético'!J18 -> 23444.44 | F9: ='Orçamento Sintético'!K18 -> 0.039387913
A10: 3 | B10: CONSTRUÇÃO PÓRTICOS | E10: ='Orçamento Sintético'!J24 -> 10982.14 | F10: ='Orçamento Sintético'!K24 -> 0.018450582
A11: 3.1 | B11: ACABAMENTO | E11: ='Orçamento Sintético'!J25 -> 10982.14 | F11: ='Orçamento Sintético'!K25 -> 0.018450582
A12: 4 | B12: MOVIMENTAÇÃO DE TERRA | E12: ='Orçamento Sintético'!$J$31 -> 9991.62 | F12: ='Orçamento Sintético'!K31 -> 0.016786456
A13: 5 | B13: ORLA MARGINAL | E13: ='Orçamento Sintético'!$J$34 -> 497378.12 | F13: ='Orçamento Sintético'!K34 -> 0.83562184
A14: 6 | B14: ADMINISTRAÇÃO LOCAL | E14: ='Orçamento Sintético'!$J$49 -> 22889.52 | F14: ='Orçamento Sintético'!K49 -> 0.038455618
B15: ='Orçamento Sintético'!$D$52 -> 26 de agosto de 2025 | E15: ='Orçamento Sintético'!I53 -> 595219.15
B19: RAFAEL DOS SANTOS ARAUJO LIMA
B20: Eng. Civil - CREA/MS 20613D
B24: ALDENIR BARBOSA DO NASCIMENTO
B25: Prefeito Municipal

Sheet Cronograma
B2: ='Orçamento Sintético'!D2 -> OBRA:
B3: ='Orçamento Sintético'!D3 -> EXECUÇÃO ORLA MARGINAL A MS-475 DE NOVO HORIZONTE DO SUL-MS ENDEREÇO: RODOVIA MS-475/ORLA MARGINAL, S/N, CENTRO PREFEITURA MUNICIPAL DE NOVO HORIZONTE DO SUL/MS
A4: Cronograma Físico e Financeiro
A5: Item | B5: Descrição | C5: Total Por Etapa | D5: 1º MÊS | E5: 2º MÊS | F5: 3º MÊS
A6: 1 | B6: ='Orçamento Sintético'!D7 -> SERVIÇOS PRELIMINARES | C6: =Resumo!E7 -> 30533.31 | D6: =(D7*$C$6) -> 30533.31 | E6: =(E7*$C$6) -> 0 | F6: =(F7*$C$6) -> 0
D7: 1
A8: 2 | B8: ='Orçamento Sintético'!D17 -> REMODELAÇÃO ESQUINA CANTEIRO CENTRAL | C8: =Resumo!E8 -> 23444.44 | D8: =(D9*$C$8) -> 23444.44 | E8: =(E9*$C$8) -> 0 | F8: =(F9*$C$8) -> 0
D9: 1
A10: 3 | B10: ='Orçamento Sintético'!D24 -> CONSTRUÇÃO PÓRTICOS | C10: =Resumo!E10 -> 10982.14 | D10: =(D11*$C$10) -> 5491.07 | E10: =(E11*$C$10) -> 5491.07 | F10: =(F11*$C$10) -> 0
D11: 0.5 | E11: 0.5
A12: 4 | B12: ='Orçamento Sintético'!D31 -> MOVIMENTAÇÃO DE TERRA | C12: =Resumo!E12 -> 9991.62 | D12: =(D13*$C$12) -> 0 | E12: =(E13*$C$12) -> 4995.81 | F12: =(F13*$C$12) -> 4995.81
E13: 0.5 | F13: 0.5
A14: 5 | B14: ='Orçamento Sintético'!D34 -> ORLA MARGINAL | C14: =Resumo!E13 -> 497378.12 | D14: =(D15*$C$14) -> 124344.53 | E14: =(E15*$C$14) -> 174082.34 | F14: =(F15*$C$14) -> 198951.25
D15: 0.25 | E15: 0.35 | F15: 0.4
A16: 6 | B16: ='Orçamento Sintético'!D49 -> ADMINISTRAÇÃO LOCAL | C16: =Resumo!E14 -> 22889.52 | D16: =(D17*$C$16) -> 7351.3569 | E16: =(E17*$C$16) -> 7381.5869 | F16: =(F17*$C$16) -> 8156.5762
D17: =((D6+D8+D10+D12+D14)/SUM($C$6:$C$15)) -> 0.32116693 | E17: =((E6+E8+E10+E12+E14)/SUM($C$6:$C$15)) -> 0.32248762 | F17: =((F6+F8+F10+F12+F14)/SUM($C$6:$C$15)) -> 0.35634545
A18: TOTAL | C18: =SUM(C6:C17) -> 595219.15
B19: ='Orçamento Sintético'!$D$52 -> 26 de agosto de 2025 | C19: Porcentagem | D19: =(D20/$C$18) -> 0.32116693 | E19: =(E20/$C$18) -> 0.32248762 | F19: =(F20/$C$18) -> 0.35634545
C20: Custo | D20: =(D6+D8+D10+D12+D14+D16) -> 191164.71 | E20: =(E6+E8+E10+E12+E14+E16) -> 191950.81 | F20: =(F6+F8+F10+F12+F14+F16) -> 212103.63
C21: Porcentagem Acumulado | D21: =D19 -> 0.32116693 | E21: =(E22/$C$18) -> 0.64365455 | F21: =(F22/$C$18) -> 1
C22: Custo Acumulado | D22: =D20 -> 191164.71 | E22: =(D22+E20) -> 383115.52 | F22: =(E22+F20) -> 595219.15
B27: ________________________________________ | C27: ____________________________________
B28: ='Orçamento Sintético'!D57 -> RAFAEL DOS SANTOS ARAUJO LIMA | C28: ='Orçamento Sintético'!D62 -> ALDENIR BARBOSA DO NASCIMENTO
B29: ='Orçamento Sintético'!D58 -> Eng. Civil - CREA/MS 20613D | C29: Prefeito Municipal

Sheet Composição
D2: OBRA: | E2: BANCOS: | G2: BDI
D3: ='Orçamento Sintético'!D3 -> EXECUÇÃO ORLA MARGINAL A MS-475 DE NOVO HORIZONTE DO SUL-MS ENDEREÇO: RODOVIA MS-475/ORLA MARGINAL, S/N, CENTRO PREFEITURA MUNICIPAL DE NOVO HORIZONTE DO SUL/MS | E3: ='Orçamento Sintético'!I3:I3 -> 0.2171 | G3: ='Orçamento Sintético'!I3 -> 0.2171
B5: COMPOSIÇÃO 1
B6: SINAPI | C6: CÓDIGO | D6: ALVENARIA DE VEDAÇÃO DE BLOCOS CERÂMICOS FURADOS NA HORIZONTAL DE 9X19X19 CM (ESPESSURA 30CM) E ARGAMASSA DE ASSENTAMENTO COM PREPARO EM BETONEIRA. | E6: M2 | F6: COEFICIENTE | G6: R$ UNIT. | H6: R$ TOTAL
B7: INSUMO | C7: 7271 | D7: BLOCO CERAMICO / TIJOLO VAZADO PARA ALVENARIA DE VEDACAO, 8 FUROS NA HORIZONTAL, DE 9 X 19 X 19 CM (L XA X C) | E7: UN | F7: =(75*1.1) -> 82.5 | G7: =VLOOKUP(C7,sinapi!A6:D14488,4,FALSE) -> 0.99 | H7: =TRUNC(G7*F7,2) -> 81.67 | I7: 0.99 | J7: =G7-I7 -> 0 | M7: 0.99 | N7: =G7-M7 -> 0
B8: COMPOSICAO | C8: 87292 | D8: ARGAMASSA TRAÇO 1:2:8 (EM VOLUME DE CIMENTO, CAL E AREIA MÉDIA ÚMIDA) PARA EMBOÇO/MASSA ÚNICA/ASSENTAMENTO DE ALVENARIA DE VEDAÇÃO, PREPARO MECÂNICO COM BETONEIRA 400 L. AF_08/2019 | E8: M3 | F8: =(0.0091*3) -> 0.0273 | G8: =VLOOKUP(C8,sinapi!A7:D14489,4,FALSE) -> 587.53 | H8: =TRUNC(G8*F8,2) -> 16.03 | M8: 587.53 | N8: =G8-M8 -> 0
B9: COMPOSICAO | C9: 88309 | D9: PEDREIRO COM ENCARGOS COMPLEMENTARES | E9: H | F9: =(1.61*2.4) -> 3.864 | G9: =VLOOKUP(C9,sinapi!A8:D14490,4,FALSE) -> 25.75 | H9: =TRUNC(G9*F9,2) -> 99.49 | M9: 25.75 | N9: =G9-M9 -> 0
B10: COMPOSICAO | C10: 88316 | D10: SERVENTE COM ENCARGOS COMPLEMENTARES | E10: H | F10: =(0.805*2.4) -> 1.932 | G10: =VLOOKUP(C10,sinapi!A9:D14491,4,FALSE) -> 20.74 | H10: =TRUNC(G10*F10,2) -> 40.06 | M10: 20.74 | N10: =G10-M10 -> 0
B11: TOTAL (R$): | H11: =SUM(H7:H10) -> 237.25
B13: COMPOSIÇÃO 2
B14: SINAPI | C14: CÓDIGO | D14: PILARETE DE CONCRETO ARMADO DE PROTEÇÃO DAS ESQUINAS D=15CM, H=80CM | E14: UNID | F14: COEFICIENTE | G14: R$ UNIT. | H14: R$ TOTAL
B15: COMPOSIÇÃO | C15: 88309 | D15: PEDREIRO COM ENCARGOS COMPLEMENTARES | E15: H | F15: 0.795 | G15: =VLOOKUP(C15,sinapi!A14:D14496,4,FALSE) -> 25.75 | H15: =TRUNC(G15*F15,2) -> 20.47 | M15: 25.75 | N15: =G15-M15 -> 0
B16: COMPOSIÇÃO | C16: 88316 | D16: SERVENTE COM ENCARGOS COMPLEMENTARES | E16: H | F16: 0.998 | G16: =VLOOKUP(C16,sinapi!A15:D14497,4,FALSE) -> 20.74 | H16: =TRUNC(G16*F16,2) -> 20.69 | M16: 20.74 | N16: =G16-M16 -> 0
B17: COMPOSIÇÃO | C17: 94970 | D17: CONCRETO FCK = 20MPA, TRAÇO 1:2,7:3 (EM MASSA SECA DE CIMENTO/ AREIA MÉDIA/ BRITA 1) - PREPARO MECÂNICO COM BETONEIRA 600 L. AF_05/2021 | E17: M3 | F17: =((PI()*0.15*0.15/4)*2) -> 0.035342917 | G17: =VLOOKUP(C17,sinapi!A16:D14498,4,FALSE) -> 462.01 | H17: =TRUNC(G17*F17,2) -> 16.32 | M17: 462.01 | N17: =G17-M17 -> 0
B18: INSUMO | C18: 42407 | D18: TRELICA NERVURADA (ESPACADOR), ALTURA = 120,0 MM, DIAMETRO DOS BANZOS INFERIORES E SUPERIOR = 6,0 MM, DIAMETRO DA DIAGONAL = 4,2 MM | E18: M | F18: 1.5 | G18: =VLOOKUP(C18,sinapi!A17:D14499,4,FALSE) -> 5.94 | H18: =TRUNC(G18*F18,2) -> 8.91 | M18: 5.94 | N18: =G18-M18 -> 0
B19: INSUMO | C19: 20065 | D19: TUBO PVC SERIE NORMAL, DN 150 MM, PARA ESGOTO PREDIAL (NBR 5688) | E19: M | F19: 1 | G19: =VLOOKUP(C19,sinapi!A18:D14500,4,FALSE) -> 39.97 | H19: =TRUNC(G19*F19,2) -> 39.97 | M19: 39.97 | N19: =G19-M19 -> 0
B20: TOTAL (R$): | H20: =SUM(H15:H19) -> 106.36
B22: COMPOSIÇÃO 3
B23: SINAPI | C23: CÓDIGO | D23: ESTACA BROCA DE CONCRETO, DIÂMETRO DE 25CM, ESCAVAÇÃO MANUAL COM TRADO CONCHA, SEM ARMADURA DE ARRANQUE | E23: M | F23: COEFICIENTE | G23: R$ UNIT. | H23: R$ TOTAL
B24: COMPOSIÇÃO | C24: 88309 | D24: PEDREIRO COM ENCARGOS COMPLEMENTARES | E24: H | F24: 0.795 | G24: =VLOOKUP(C24,sinapi!A23:D14505,4,FALSE) -> 25.75 | H24: =TRUNC(G24*F24,2) -> 20.47 | M24: 25.75 | N24: =G24-M24 -> 0
B25: COMPOSIÇÃO | C25: 88316 | D25: SERVENTE COM ENCARGOS COMPLEMENTARES | E25: H | F25: 0.998 | G25: =VLOOKUP(C25,sinapi!A24:D14506,4,FALSE) -> 20.74 | H25: =TRUNC(G25*F25,2) -> 20.69 | M25: 20.74 | N25: =G25-M25 -> 0
B26: COMPOSIÇÃO | C26: 94970 | D26: CONCRETO FCK = 20MPA, TRAÇO 1:2,7:3 (EM MASSA SECA DE CIMENTO/ AREIA MÉDIA/ BRITA 1) - PREPARO MECÂNICO COM BETONEIRA 600 L. AF_05/2021 | E26: M3 | F26: 0.062 | G26: =VLOOKUP(C26,sinapi!A25:D14507,4,FALSE) -> 462.01 | H26: =TRUNC(G26*F26,2) -> 28.64 | M26: 462.01 | N26: =G26-M26 -> 0
B27: TOTAL (R$): | H27: =SUM(H24:H26) -> 69.8
B29: COMPOSIÇÃO 4
B30: SINAPI | C30: CÓDIGO | D30: GUIA (MEIO-FIO) EM TRECHO RETO, CONFECCIONADA EM CONCRETO PRÉ-FABRICADO, DIMENSÕES 100X15X13X20 CM (COMPRIMENTO X BASE INFERIOR X BASE SUPERIOR X ALTURA), PARA URBANIZAÇÃO INTERNA DE EMPREENDIMENTOS, ARMADA. | E30: M | F30: COEFICIENTE | G30: R$ UNIT. | H30: R$ TOTAL
B31: COMPOSIÇÃO AGESUL | C31: 1701000200 | D31: CORTE MECANICO DE PAVIMENTO ASFALTICO OU PISO DE CONCRETO COM SERRA DE DISCO DIAMANTADO | E31: M | F31: =(0.95+0.1+0.95+0.1) -> 2.1 | G31: =VLOOKUP(C31,agesul!A30:D14512,4,FALSE) -> 3.16 | H31: =TRUNC(G31*F31,2) -> 6.63 | M31: 3.16 | N31: =G31-M31 -> 0
B32: COMPOSIÇÃO | C32: 93358 | D32: ESCAVAÇÃO MANUAL DE VALAS. AF_03/2016 | E32: M3 | F32: =(0.95*0.1*0.05) -> 0.00475 | G32: =VLOOKUP(C32,sinapi!A31:D14513,4,FALSE) -> 82.04 | H32: =TRUNC(G32*F32,2) -> 0.38 | M32: 82.04 | N32: =G32-M32 -> 0
B33: COMPOSIÇÃO | C33: 92802 | D33: CORTE E DOBRA DE AÇO CA-50, DIÂMETRO DE 8,0 MM. AF_06/2022 | E33: KG | F33: =(0.395*0.8) -> 0.316 | G33: =VLOOKUP(C33,sinapi!A32:D14514,4,FALSE) -> 10.2 | H33: =TRUNC(G33*F33,2) -> 3.22 | M33: 10.2 | N33: =G33-M33 -> 0
B34: COMPOSIÇÃO | C34: 94969 | D34: CONCRETO FCK = 15MPA, TRAÇO 1:2,7:3 (EM MASSA SECA DE CIMENTO/ AREIA MÉDIA/ BRITA 1) - PREPARO MECÂNICO COM BETONEIRA 600 L. AF_05/2021 | E34: M3 | F34: =(0.05*0.1*0.95) -> 0.00475 | G34: =VLOOKUP(C34,sinapi!A33:D14515,4,FALSE) -> 424.23 | H34: =TRUNC(G34*F34,2) -> 2.01 | M34: 424.23 | N34: =G34-M34 -> 0
B35: COMPOSIÇÃO | C35: 94275 | D35: ASSENTAMENTO DE GUIA (MEIO-FIO) EM TRECHO RETO, CONFECCIONADA EM CONCRETO PRÉ-FABRICADO, DIMENSÕES 100X15X13X20 CM (COMPRIMENTO X BASE INFERIOR X BASE SUPERIOR X ALTURA), PARA URBANIZAÇÃO INTERNA DE EMPREENDIMENTOS. AF_06/2016 | E35: M | F35: 1 | G35: =VLOOKUP(C35,sinapi!A34:D14516,4,FALSE) -> 40.37 | H35: =TRUNC(G35*F35,2) -> 40.37 | M35: 40.37 | N35: =G35-M35 -> 0
B36: COMPOSIÇÃO | C36: 102498 | D36: PINTURA DE MEIO-FIO COM TINTA BRANCA A BASE DE CAL (CAIAÇÃO). AF_05/2021 | E36: M2 | F36: =((0.2*1*2)+(0.1*1)+(0.14*0.2*2)) -> 0.556 | G36: =VLOOKUP(C36,sinapi!A35:D14517,4,FALSE) -> 1.55 | H36: =TRUNC(G36*F36,2) -> 0.86 | M36: 1.55 | N36: =G36-M36 -> 0
B37: COMPOSICAO | C37: 88309 | D37: PEDREIRO COM ENCARGOS COMPLEMENTARES | E37: H | F37: 0.05 | G37: =VLOOKUP(C37,sinapi!A36:D14518,4,FALSE) -> 25.75 | H37: =TRUNC(G37*F37,2) -> 1.28 | M37: 25.75 | N37: =G37-M37 -> 0
B38: COMPOSICAO | C38: 88316 | D38: SERVENTE COM ENCARGOS COMPLEMENTARES | E38: H | F38: 0.05 | G38: =VLOOKUP(C38,sinapi!A37:D14519,4,FALSE) -> 20.74 | H38: =TRUNC(G38*F38,2) -> 1.03 | M38: 20.74 | N38: =G38-M38 -> 0
B39: TOTAL (R$): | H39: =SUM(H31:H38) -> 55.78
B41: COMPOSIÇÃO 5
B42: SINAPI | C42: CÓDIGO | D42: ESTACA BROCA DE CONCRETO, DIÂMETRO DE 20CM, ESCAVAÇÃO MANUAL COM TRADO CONCHA, SEM ARMADURA DE ARRANQUE | E42: M | F42: COEFICIENTE | G42: R$ UNIT. | H42: R$ TOTAL
B43: COMPOSICAO | C43: 88309 | D43: PEDREIRO COM ENCARGOS COMPLEMENTARES | E43: H | F43: 0.486 | G43: =VLOOKUP(C43,sinapi!A42:D14524,4,FALSE) -> 25.75 | H43: =TRUNC(G43*F43,2) -> 12.51 | M43: 25.75 | N43: =G43-M43 -> 0
B44: COMPOSICAO | C44: 88316 | D44: SERVENTE COM ENCARGOS COMPLEMENTARES | E44: H | F44: 0.665 | G44: =VLOOKUP(C44,sinapi!A43:D14525,4,FALSE) -> 20.74 | H44: =TRUNC(G44*F44,2) -> 13.79 | M44: 20.74 | N44: =G44-M44 -> 0
B45: COMPOSICAO | C45: 94970 | D45: CONCRETO FCK = 20MPA, TRAÇO 1:2,7:3 (EM MASSA SECA DE CIMENTO/ AREIA MÉDIA/ BRITA 1) - PREPARO MECÂNICO COM BETONEIRA 600 L. AF_05/2021 | E45: M3 | F45: 0.043 | G45: =VLOOKUP(C45,sinapi!A44:D14526,4,FALSE) -> 462.01 | H45: =TRUNC(G45*F45,2) -> 19.86 | M45: 462.01 | N45: =G45-M45 -> 0
B46: TOTAL (R$): | H46: =SUM(H43:H45) -> 46.16
B48: COMPOSIÇÃO 6
B49: SINAPI | C49: CÓDIGO | D49: PILARETE COM TRILHO TR-25 DE PROTEÇÃO DE VIAS | E49: UNID | F49: COEFICIENTE | G49: R$ UNIT. | H49: R$ TOTAL
B50: CP. PRÓPRIA | C50: =B41 -> COMPOSIÇÃO 5 | D50: =D42 -> ESTACA BROCA DE CONCRETO, DIÂMETRO DE 20CM, ESCAVAÇÃO MANUAL COM TRADO CONCHA, SEM ARMADURA DE ARRANQUE | E50: M | F50: 0.85 | G50: =H46 -> 46.16 | H50: =TRUNC(G50*F50,2) -> 39.23
B51: INSUMO-SICRO | C51: M1600 | D51: TRILHO TR-25 | E51: KG | F51: =(1.5*24.65) -> 36.975 | G51: =VLOOKUP(C51,sicrom!A50:D14532,4,FALSE) -> 5.1685 | H51: =TRUNC(G51*F51,2) -> 191.1
B52: INSUMO | C52: 20065 | D52: TUBO PVC SERIE NORMAL, DN 150 MM, PARA ESGOTO PREDIAL (NBR 5688) | E52: M | F52: 0.75 | G52: =VLOOKUP(C52,sinapi!A51:D14533,4,FALSE) -> 39.97 | H52: =TRUNC(G52*F52,2) -> 29.97 | M52: 39.97 | N52: =G52-M52 -> 0
B53: COMPOSICAO | C53: 94970 | D53: CONCRETO FCK = 20MPA, TRAÇO 1:2,7:3 (EM MASSA SECA DE CIMENTO/ AREIA MÉDIA/ BRITA 1) - PREPARO MECÂNICO COM BETONEIRA 600 L. AF_05/2021 | E53: M3 | F53: =(((PI()*0.15*0.15)/4)*0.75) -> 0.013253594 | G53: =VLOOKUP(C53,sinapi!A52:D14534,4,FALSE) -> 462.01 | H53: =TRUNC(G53*F53,2) -> 6.12 | M53: 462.01 | N53: =G53-M53 -> 0
B54: COMPOSIÇÃO | C54: 103670 | D54: LANÇAMENTO COM USO DE BALDES, ADENSAMENTO E ACABAMENTO DE CONCRETO EM ESTRUTURAS. | E54: M3 | F54: =((((PI()*0.2*0.2)/4)*0.85)+(((PI()*0.15*0.15)/4)*0.75)) -> 0.039957132 | G54: =VLOOKUP(C54,sinapi!A53:D14535,4,FALSE) -> 280.9 | H54: =TRUNC(G54*F54,2) -> 11.22 | M54: 280.9 | N54: =G54-M54 -> 0
B55: INSUMO | C55: 7343 | D55: TINTA ACRILICA A BASE DE SOLVENTE, PARA SINALIZACAO HORIZONTAL VIARIA (NBR 11862) | E55: M2 | F55: =(2*PI()*0.075*0.75) -> 0.35342917 | G55: =VLOOKUP(C55,sinapi!A54:D14536,4,FALSE) -> 28.89 | H55: =TRUNC(G55*F55,2) -> 10.21 | M55: 28.89 | N55: =G55-M55 -> 0
B56: COMPOSICAO | C56: 88309 | D56: PEDREIRO COM ENCARGOS COMPLEMENTARES | E56: H | F56: 4 | G56: =VLOOKUP(C56,sinapi!A55:D14537,4,FALSE) -> 25.75 | H56: =TRUNC(G56*F56,2) -> 103 | M56: 25.75 | N56: =G56-M56 -> 0
B57: COMPOSICAO | C57: 88316 | D57: SERVENTE COM ENCARGOS COMPLEMENTARES | E57: H | F57: 4 | G57: =VLOOKUP(C57,sinapi!A56:D14538,4,FALSE) -> 20.74 | H57: =TRUNC(G57*F57,2) -> 82.96 | M57: 20.74 | N57: =G57-M57 -> 0
B58: TOTAL (R$): | H58: =SUM(H50:H57) -> 473.81
B60: COMPOSIÇÃO 7
B61: SINAPI | C61: CÓDIGO | D61: BARREIRA DE CONTENÇÃO TIPO MEIO-FIO COM SARJETA, EM CONCRETO ARMADO FCK=20MPA, ALTURA DE 60CM, SEÇÃO 0,128M2, MOLDADO NO LOCAL | E61: M | F61: COEFICIENTE | G61: R$ UNIT. | H61: R$ TOTAL
B62: COMPOSICAO | C62: 94970 | D62: CONCRETO FCK = 20MPA, TRAÇO 1:2,7:3 (EM MASSA SECA DE CIMENTO/ AREIA MÉDIA/ BRITA 1) - PREPARO MECÂNICO COM BETONEIRA 600 L. AF_05/2021 | E62: M3 | F62: =(0.128*1) -> 0.128 | G62: =VLOOKUP(C62,sinapi!A61:D14543,4,FALSE) -> 462.01 | H62: =TRUNC(G62*F62,2) -> 59.13 | I62: =(215.8+125.8+202.8+90.8)/0.2 -> 3176 | K62: =(215.8+125.8+202.8+90.8+145.8+176.8+176.8)/0.2 -> 5673 | M62: 462.01 | N62: =G62-M62 -> 0
B63: COMPOSIÇÃO | C63: 103670 | D63: LANÇAMENTO COM USO DE BALDES, ADENSAMENTO E ACABAMENTO DE CONCRETO EM ESTRUTURAS. | E63: M3 | F63: =F62 -> 0.128 | G63: =VLOOKUP(C63,sinapi!A62:D14544,4,FALSE) -> 280.9 | H63: =TRUNC(G63*F63,2) -> 35.95 | I63: =215.8/2.5 -> 86.32 | J63: =215.8/12 -> 17.983333 | K63: =145.8/2.5 -> 58.32 | L63: =145.8/12 -> 12.15 | M63: 280.9 | N63: =G63-M63 -> 0
B64: COMPOSIÇÃO | C64: 92443 | D64: MONTAGEM E DESMONTAGEM DE FÔRMA DE PILARES RETANGULARES E ESTRUTURAS SIMILARES, PÉ-DIREITO SIMPLES, EM CHAPA DE MADEIRA COMPENSADA PLASTIFICADA, 18 UTILIZAÇÕES. AF_09/2020 | E64: m² | F64: =(1*(0.6+0.55)) -> 1.15 | G64: =VLOOKUP(C64,sinapi!A63:D14545,4,FALSE) -> 57.9 | H64: =TRUNC(G64*F64,2) -> 66.58 | I64: =125.8/2.5 -> 50.32 | J64: =125.8/12 -> 10.483333 | K64: =176.8/2.5 -> 70.72 | L64: =176.8/12 -> 14.733333 | M64: 57.9 | N64: =G64-M64 -> 0
B65: COMPOSIÇÃO | C65: 92761 | D65: ARMAÇÃO DE PILAR OU VIGA DE ESTRUTURA CONVENCIONAL DE CONCRETO ARMADO UTILIZANDO AÇO CA-50 DE 8,0 MM - MONTAGEM. AF_06/2022 | E65: kg | F65: =(1*6*0.395) -> 2.37 | G65: =VLOOKUP(C65,sinapi!A64:D14546,4,FALSE) -> 12.46 | H65: =TRUNC(G65*F65,2) -> 29.53 | I65: =202.8/2.5 -> 81.12 | J65: =202.8/12 -> 16.9 | M65: 12.46 | N65: =G65-M65 -> 0
B66: COMPOSIÇÃO | C66: 92800 | D66: CORTE E DOBRA DE AÇO CA-60, DIÂMETRO DE 5,0 MM. AF_06/2022 | E66: kg | F66: =((5*1.43*0.154)+(1*4*0.154)) -> 1.7171 | G66: =VLOOKUP(C66,sinapi!A65:D14547,4,FALSE) -> 10.05 | H66: =TRUNC(G66*F66,2) -> 17.25 | I66: =90.8/2.5 -> 36.32 | J66: =90.8/12 -> 7.5666667 | M66: 10.05 | N66: =G66-M66 -> 0
B67: TOTAL (R$): | H67: =SUM(H62:H66) -> 208.44
J68: =(37+82+51+87+59+71+71) -> 458
B69: COMPOSIÇÃO 8
B70: SINAPI | C70: CÓDIGO | D70: ESTACA BROCA DE CONCRETO, DIÂMETRO DE 15CM, ESCAVAÇÃO MANUAL COM TRADO CONCHA, SEM ARMADURA DE ARRANQUE | E70: M | F70: COEFICIENTE | G70: R$ UNIT. | H70: R$ TOTAL
B71: COMPOSICAO | C71: 88309 | D71: PEDREIRO COM ENCARGOS COMPLEMENTARES | E71: H | F71: 0.177 | G71: =VLOOKUP(C71,sinapi!A70:D14552,4,FALSE) -> 25.75 | H71: =TRUNC(G71*F71,2) -> 4.55 | M71: 25.75 | N71: =G71-M71 -> 0
B72: COMPOSICAO | C72: 88316 | D72: SERVENTE COM ENCARGOS COMPLEMENTARES | E72: H | F72: 0.332 | G72: =VLOOKUP(C72,sinapi!A71:D14553,4,FALSE) -> 20.74 | H72: =TRUNC(G72*F72,2) -> 6.88 | M72: 20.74 | N72: =G72-M72 -> 0
B73: COMPOSICAO | C73: 94970 | D73: CONCRETO FCK = 20MPA, TRAÇO 1:2,7:3 (EM MASSA SECA DE CIMENTO/ AREIA MÉDIA/ BRITA 1) - PREPARO MECÂNICO COM BETONEIRA 600 L. AF_05/2021 | E73: M3 | F73: =(PI()*0.15*0.15/4) -> 0.017671459 | G73: =VLOOKUP(C73,sinapi!A72:D14554,4,FALSE) -> 462.01 | H73: =TRUNC(G73*F73,2) -> 8.16 | M73: 462.01 | N73: =G73-M73 -> 0
B74: TOTAL (R$): | H74: =SUM(H71:H73) -> 19.59
B76: COMPOSIÇÃO 9
B77: SINAPI | C77: CÓDIGO | D77: REMODELAÇÃO DE MEIO-FIO ELEVADO COM MUDANÇA DE SEÇÃO, ARMADO, COM SARJETA, ALTURA INICIAL DE 60CM E FINAL DE 35CM, SEÇÃO INICIAL 0,128M2 E SEÇÃO FINAL 0,09M2 , CONCRETO FCK=20MPA, MOLDADO NO LOCAL - MODELO ESQUINA MUDANÇA DE SEÇÃO | E77: UNID | F77: COEFICIENTE | G77: R$ UNIT. | H77: R$ TOTAL
B78: COMPOSICAO | C78: 94970 | D78: CONCRETO FCK = 20MPA, TRAÇO 1:2,7:3 (EM MASSA SECA DE CIMENTO/ AREIA MÉDIA/ BRITA 1) - PREPARO MECÂNICO COM BETONEIRA 600 L. AF_05/2021 | E78: M3 | F78: =(4*((0.128+0.09)/2)) -> 0.436 | G78: =VLOOKUP(C78,sinapi!A77:D14559,4,FALSE) -> 462.01 | H78: =TRUNC(G78*F78,2) -> 201.43 | M78: 462.01 | N78: =G78-M78 -> 0
B79: COMPOSIÇÃO | C79: 103670 | D79: LANÇAMENTO COM USO DE BALDES, ADENSAMENTO E ACABAMENTO DE CONCRETO EM ESTRUTURAS. | E79: M3 | F79: =(F78) -> 0.436 | G79: =VLOOKUP(C79,sinapi!A78:D14560,4,FALSE) -> 280.9 | H79: =TRUNC(G79*F79,2) -> 122.47 | M79: 280.9 | N79: =G79-M79 -> 0
B80: COMPOSIÇÃO | C80: 92443 | D80: MONTAGEM E DESMONTAGEM DE FÔRMA DE PILARES RETANGULARES E ESTRUTURAS SIMILARES, PÉ-DIREITO SIMPLES, EM CHAPA DE MADEIRA COMPENSADA PLASTIFICADA, 18 UTILIZAÇÕES. AF_09/2020 | E80: m² | F80: =(((0.6*4)+(0.55*4))*2) -> 9.2 | G80: =VLOOKUP(C80,sinapi!A79:D14561,4,FALSE) -> 57.9 | H80: =TRUNC(G80*F80,2) -> 532.68 | M80: 57.9 | N80: =G80-M80 -> 0
B81: COMPOSIÇÃO | C81: 92761 | D81: ARMAÇÃO DE PILAR OU VIGA DE ESTRUTURA CONVENCIONAL DE CONCRETO ARMADO UTILIZANDO AÇO CA-50 DE 8,0 MM - MONTAGEM. AF_06/2022 | E81: kg | F81: =(((0.55*2)+(3.95*2)+(4.15*2))*0.395) -> 6.8335 | G81: =VLOOKUP(C81,sinapi!A80:D14562,4,FALSE) -> 12.46 | H81: =TRUNC(G81*F81,2) -> 85.14 | M81: 12.46 | N81: =G81-M81 -> 0
B82: COMPOSIÇÃO | C82: 92800 | D82: CORTE E DOBRA DE AÇO CA-60, DIÂMETRO DE 5,0 MM. AF_06/2022 | E82: kg | F82: =(((1.43+0.8)/2)*20*0.154) -> 3.4342 | G82: =VLOOKUP(C82,sinapi!A81:D14563,4,FALSE) -> 10.05 | H82: =TRUNC(G82*F82,2) -> 34.51 | M82: 10.05 | N82: =G82-M82 -> 0
B83: COMPOSIÇÃO | C83: 102498 | D83: PINTURA DE MEIO-FIO COM TINTA BRANCA A BASE DE CAL (CAIAÇÃO). AF_05/2021 | E83: m² | F83: =((0.55*4)+(0.3*4)) -> 3.4 | G83: =VLOOKUP(C83,sinapi!A82:D14564,4,FALSE) -> 1.55 | H83: =TRUNC(G83*F83,2) -> 5.27 | M83: 1.55 | N83: =G83-M83 -> 0
B84: TOTAL (R$): | H84: =SUM(H78:H83) -> 981.5
B87: COMPOSIÇÃO 11
B88: SINAPI | C88: CÓDIGO | D88: PILAR ARMADO DE REFORÇO DO MEIO-FIO ELEVADO COM SARJETA, ALTURA DE 60CM, COM BROCA DE DIÂMETRO 15CM. (CONCRETO E FORMA DO PILAR PREVISTO JUNTO A COMPOSIÇÃO DO MEIO-FIO ELEVADO). | E88: UNID | F88: COEFICIENTE | G88: R$ UNIT. | H88: R$ TOTAL
B89: COMPOSIÇÃO | C89: 103670 | D89: LANÇAMENTO COM USO DE BALDES, ADENSAMENTO E ACABAMENTO DE CONCRETO EM ESTRUTURAS. | E89: M3 | F89: =(((PI()*0.15*0.15)/4)*0.5) -> 0.0088357293 | G89: =VLOOKUP(C89,sinapi!A97:D14579,4,FALSE) -> 280.9 | H89: =TRUNC(G89*F89,2) -> 2.48 | M89: 280.9 | N89: =G89-M89 -> 0
B90: CP. PRÓPRIA | C90: =B69 -> COMPOSIÇÃO 8 | D90: =D70 -> ESTACA BROCA DE CONCRETO, DIÂMETRO DE 15CM, ESCAVAÇÃO MANUAL COM TRADO CONCHA, SEM ARMADURA DE ARRANQUE | E90: m | F90: 0.5 | G90: =H74 -> 19.59 | H90: =TRUNC(G90*F90,2) -> 9.79
B91: COMPOSIÇÃO | C91: 92761 | D91: ARMAÇÃO DE PILAR OU VIGA DE ESTRUTURA CONVENCIONAL DE CONCRETO ARMADO UTILIZANDO AÇO CA-50 DE 8,0 MM - MONTAGEM. AF_06/2022 | E91: kg | F91: =(1*4*0.395) -> 1.58 | G91: =VLOOKUP(C91,sinapi!A99:D14581,4,FALSE) -> 12.46 | H91: =TRUNC(G91*F91,2) -> 19.68 | M91: 12.46 | N91: =G91-M91 -> 0
B92: COMPOSIÇÃO | C92: 92799 | D92: CORTE E DOBRA DE AÇO CA-60, DIÂMETRO DE 4,2 MM. AF_06/2022 | E92: kg | F92: =(7*0.52*0.109) -> 0.39676 | G92: =VLOOKUP(C92,sinapi!A100:D14582,4,FALSE) -> 11.07 | H92: =TRUNC(G92*F92,2) -> 4.39 | M92: 11.07 | N92: =G92-M92 -> 0
B93: TOTAL (R$): | H93: =SUM(H89:H92) -> 36.34
B95: COMPOSIÇÃO 12
B96: SINAPI | C96: CÓDIGO | D96: SINALIZAÇÃO DE SEGURANÇA COM CONE DE SINALIZACAO EM PVC RIGIDO COM FAIXA REFLETIVA, H = 70 / 76 CM | E96: UNID | F96: COEFICIENTE | G96: R$ UNIT. | H96: R$ TOTAL
B97: COMPOSICAO | C97: 88309 | D97: PEDREIRO COM ENCARGOS COMPLEMENTARES | E97: H | F97: 0.1 | G97: =VLOOKUP(C97,sinapi!A105:D14587,4,FALSE) -> 25.75 | H97: =TRUNC(G97*F97,2) -> 2.57 | M97: 25.75 | N97: =G97-M97 -> 0
B98: COMPOSICAO | C98: 88316 | D98: SERVENTE COM ENCARGOS COMPLEMENTARES | E98: H | F98: 0.1 | G98: =VLOOKUP(C98,sinapi!A106:D14588,4,FALSE) -> 20.74 | H98: =TRUNC(G98*F98,2) -> 2.07 | M98: 20.74 | N98: =G98-M98 -> 0
B99: INSUMO | C99: 13244 | D99: CONE DE SINALIZACAO EM PVC RIGIDO COM FAIXA REFLETIVA, H = 70 / 76 CM | E99: UN | F99: 1 | G99: =VLOOKUP(C99,sinapi!A107:D14589,4,FALSE) -> 42.36 | H99: =TRUNC(G99*F99,2) -> 42.36 | M99: 42.36 | N99: =G99-M99 -> 0
B100: TOTAL (R$): | H100: =SUM(H97:H99) -> 47
B102: COMPOSIÇÃO 13
B103: SINAPI | C103: CÓDIGO | D103: SINALIZAÇÃO DE SEGURANÇA COM TELA PLASTICA TECIDA LISTRADA BRANCA E LARANJA, TIPO GUARDA CORPO, EM POLIETILENO MONOFILADO, ROLO 1,20 X 50 M (L X C) | E103: UNID | F103: COEFICIENTE | G103: R$ UNIT. | H103: R$ TOTAL
B104: COMPOSICAO | C104: 88309 | D104: PEDREIRO COM ENCARGOS COMPLEMENTARES | E104: H | F104: 0.1 | G104: =VLOOKUP(C104,sinapi!A112:D14594,4,FALSE) -> 25.75 | H104: =TRUNC(G104*F104,2) -> 2.57 | M104: 25.75 | N104: =G104-M104 -> 0
B105: COMPOSICAO | C105: 88316 | D105: SERVENTE COM ENCARGOS COMPLEMENTARES | E105: H | F105: 0.1 | G105: =VLOOKUP(C105,sinapi!A113:D14595,4,FALSE) -> 20.74 | H105: =TRUNC(G105*F105,2) -> 2.07 | M105: 20.74 | N105: =G105-M105 -> 0
B106: INSUMO | C106: 37525 | D106: TELA PLASTICA TECIDA LISTRADA BRANCA E LARANJA, TIPO GUARDA CORPO, EM POLIETILENO MONOFILADO, ROLO 1,20 X 50 M (L X C) | E106: M | F106: 1 | G106: =VLOOKUP(C106,sinapi!A114:D14596,4,FALSE) -> 3.05 | H106: =TRUNC(G106*F106,2) -> 3.05 | M106: 3.05 | N106: =G106-M106 -> 0
B107: TOTAL (R$): | H107: =SUM(H104:H106) -> 7.69
D110: _______________________________________
D111: =Cronograma!B28 -> RAFAEL DOS SANTOS ARAUJO LIMA
D112: =Cronograma!B29 -> Eng. Civil - CREA/MS 20613D

Sheet Memória de Cálculo
B2: OBRA:
B3: EXECUÇÃO ORLA MARGINAL A MS-475 DE NOVO HORIZONTE DO SUL-MS ENDEREÇO: RODOVIA MS-475/ORLA MARGINAL, S/N, CENTRO PREFEITURA MUNICIPAL DE NOVO HORIZONTE DO SUL/MS
A8: MEMÓRIA DE CÁLCULO
A9: ='Orçamento Sintético'!A6 -> Item | B9: ='Orçamento Sintético'!D6 -> Descrição | C9: ='Orçamento Sintético'!E6 -> Und | D9: ='Orçamento Sintético'!G6 -> MEMÓRIA DE CÁLCULO
A10: ='Orçamento Sintético'!A7 -> 1 | B10: ='Orçamento Sintético'!D7 -> SERVIÇOS PRELIMINARES
A11: ='Orçamento Sintético'!A8 -> 1.1 | B11: ='Orçamento Sintético'!D8 -> LOCAÇÃO COM CAVALETE COM ALTURA DE 1,00 M | C11: ='Orçamento Sintético'!E8 -> unid | D11: ='Orçamento Sintético'!G8 -> 14 unidades
A12: ='Orçamento Sintético'!A9 -> 1.2 | B12: ='Orçamento Sintético'!D9 -> PLACA DE OBRA EM CHAPA GALVANIZADA N. 22, ADESIVADA | C12: ='Orçamento Sintético'!E9 -> m² | D12: ='Orçamento Sintético'!G9 -> =2*4
A13: ='Orçamento Sintético'!A10 -> 1.3 | B13: ='Orçamento Sintético'!D10 -> LOCACAO DE CONTAINER 2,30 X 6,00 M, ALT. 2,50 M, COM 1 SANITARIO, PARA ESCRITORIO, COMPLETO, SEM DIVISORIAS INTERNAS, EXCLUSIVE TRANSPORTE/CARGA/DESCARGA | C13: ='Orçamento Sintético'!E10 -> mês | D13: ='Orçamento Sintético'!G10 -> 3 meses
A14: ='Orçamento Sintético'!A11 -> 1.4 | B14: ='Orçamento Sintético'!D11 -> MOBILIZACAO E DESMOBILIZACAO DE CONTAINER | C14: ='Orçamento Sintético'!E11 -> unid | D14: ='Orçamento Sintético'!G11 -> 1 unidade
A15: ='Orçamento Sintético'!A12 -> 1.5 | B15: ='Orçamento Sintético'!D12 -> PADRAO PROVISORIO TRIFASICO ATE 27 KW | C15: ='Orçamento Sintético'!E12 -> unid | D15: ='Orçamento Sintético'!G12 -> 1 unidade
A16: ='Orçamento Sintético'!A13 -> 1.6 | B16: ='Orçamento Sintético'!D13 -> INSTALACAO PROVISORIA DE AGUA E ESGOTO PARA OBRAS DE PORTE PEQUENO | C16: ='Orçamento Sintético'!E13 -> UN | D16: ='Orçamento Sintético'!G13 -> 1 unidade
A17: ='Orçamento Sintético'!A14 -> 1.7 | B17: ='Orçamento Sintético'!D14 -> LOCACAO DE CACAMBA (4M3) (7 DIAS) | C17: ='Orçamento Sintético'!E14 -> unid | D17: ='Orçamento Sintético'!G14 -> 4 locações
A18: ='Orçamento Sintético'!A15 -> 1.8 | B18: ='Orçamento Sintético'!D15 -> SINALIZAÇÃO DE SEGURANÇA COM CONE DE SINALIZACAO EM PVC RIGIDO COM FAIXA REFLETIVA, H = 70 / 76 CM | C18: ='Orçamento Sintético'!E15 -> UN | D18: ='Orçamento Sintético'!G15 -> 20 unidades
A19: ='Orçamento Sintético'!A16 -> 1.9 | B19: ='Orçamento Sintético'!D16 -> SINALIZAÇÃO DE SEGURANÇA COM TELA PLASTICA TECIDA LISTRADA BRANCA E LARANJA, TIPO GUARDA CORPO, EM POLIETILENO MONOFILADO, ROLO 1,20 X 50 M (L X C) | C19: ='Orçamento Sintético'!E16 -> M | D19: ='Orçamento Sintético'!G16 -> 862,60m de guias a executar com proteção
A20: ='Orçamento Sintético'!A17 -> 2 | B20: ='Orçamento Sintético'!D17 -> REMODELAÇÃO ESQUINA CANTEIRO CENTRAL
A21: ='Orçamento Sintético'!A18 -> 2.1 | B21: ='Orçamento Sintético'!D18 -> REMODELAÇÃO CANTEIRO
A22: ='Orçamento Sintético'!A19 -> 2.1.1 | B22: ='Orçamento Sintético'!D19 -> EXECUÇÃO DE PASSEIO (CALÇADA) OU PISO DE CONCRETO COM CONCRETO MOLDADO IN LOCO, FEITO EM OBRA, ACABAMENTO CONVENCIONAL, NÃO ARMADO. (10CM) | C22: ='Orçamento Sintético'!E19 -> m³ | D22: ='Orçamento Sintético'!G19 -> =((1,62*0,1)*13)
A23: ='Orçamento Sintético'!A20 -> 2.1.2 | B23: ='Orçamento Sintético'!D20 -> REMODELAÇÃO DE MEIO-FIO ELEVADO COM MUDANÇA DE SEÇÃO, ARMADO, COM SARJETA, ALTURA INICIAL DE 60CM E FINAL DE 35CM, SEÇÃO INICIAL 0,128M2 E SEÇÃO FINAL 0,09M2 , CONCRETO FCK=20MPA, MOLDADO NO LOCAL - MODELO ESQUINA MUDANÇA DE SEÇÃO | C23: ='Orçamento Sintético'!E20 -> UNID | D23: ='Orçamento Sintético'!G20 -> =(13)
A24: ='Orçamento Sintético'!A21 -> 2.1.3 | B24: ='Orçamento Sintético'!D21 -> GUIA (MEIO-FIO) E SARJETA CONJUGADOS DE CONCRETO, MOLDADA IN LOCO EM TRECHO CURVO COM EXTRUSORA, 45 CM BASE (15 CM BASE DA GUIA + 30 CM BASE DA SARJETA) X 22 CM ALTURA. AF_06/2016 | C24: ='Orçamento Sintético'!E21 -> m | D24: ='Orçamento Sintético'!G21 -> =(0,94*13)
A25: ='Orçamento Sintético'!A22 -> 2.1.4 | B25: ='Orçamento Sintético'!D22 -> PILARETE DE CONCRETO ARMADO DE PROTEÇÃO DAS ESQUINAS D=15CM, H=80CM | C25: ='Orçamento Sintético'!E22 -> unid | D25: ='Orçamento Sintético'!G22 -> =(3*13)
A26: ='Orçamento Sintético'!A23 -> 2.1.5 | B26: ='Orçamento Sintético'!D23 -> PINTURA DE MEIO-FIO COM TINTA BRANCA A BASE DE CAL (CAIAÇÃO). AF_05/2021 | C26: ='Orçamento Sintético'!E23 -> m² | D26: ='Orçamento Sintético'!G23 -> =(((4,04+0,94)*(0,15*0,1))*13)
A27: ='Orçamento Sintético'!A24 -> 3 | B27: ='Orçamento Sintético'!D24 -> CONSTRUÇÃO PÓRTICOS
A28: ='Orçamento Sintético'!A25 -> 3.1 | B28: ='Orçamento Sintético'!D25 -> ACABAMENTO
A29: ='Orçamento Sintético'!A26 -> 3.1.1 | B29: ='Orçamento Sintético'!D26 -> EMBOCO OU MASSA UNICA EM ARGAMASSA TRACO 1:2:8, PREPARO MANUAL, ESP=25MM | C29: ='Orçamento Sintético'!E26 -> M2 | D29: ='Orçamento Sintético'!G26 -> =(((10,8*2)+(3,6*0,3)+(2,95*0,3)+(2,4*0,3*2)+(5,6*0,3)+(7,4*0,3))*8)
A30: ='Orçamento Sintético'!A27 -> 3.1.2 | B30: ='Orçamento Sintético'!D27 -> APLICAÇÃO DE FUNDO SELADOR ACRÍLICO EM PAREDES, UMA DEMÃO. AF_06/2014 | C30: ='Orçamento Sintético'!E27 -> m² | D30: ='Orçamento Sintético'!G27 -> =(((10,8*2)+(3,6*0,3)+(2,95*0,3)+(2,4*0,3*2)+(5,6*0,3))*8)
A31: ='Orçamento Sintético'!A28 -> 3.1.3 | B31: ='Orçamento Sintético'!D28 -> APLICAÇÃO MANUAL DE PINTURA COM TINTA LÁTEX ACRÍLICA EM PAREDES, DUAS DEMÃOS. AF_06/2014 | C31: ='Orçamento Sintético'!E28 -> m² | D31: ='Orçamento Sintético'!G28 -> =(((10,8*2)+(3,6*0,3)+(2,95*0,3)+(2,4*0,3*2)+(5,6*0,3))*8)
A32: ='Orçamento Sintético'!A29 -> 3.1.4 | B32: ='Orçamento Sintético'!D29 -> TEXTURA ACRÍLICA, APLICAÇÃO MANUAL EM PAREDE, UMA DEMÃO. AF_04/2023 | C32: ='Orçamento Sintético'!E29 -> m² | D32: ='Orçamento Sintético'!G29 -> =(((10,8*2)+(3,6*0,3)+(2,95*0,3)+(2,4*0,3*2)+(5,6*0,3))*8)
A33: ='Orçamento Sintético'!A30 -> 3.1.5 | B33: ='Orçamento Sintético'!D30 -> CHAPIM (RUFO CAPA) EM AÇO GALVANIZADO, CORTE 33. AF_11/2020 | C33: ='Orçamento Sintético'!E30 -> m | D33: ='Orçamento Sintético'!G30 -> =(7,5*8)
A34: ='Orçamento Sintético'!A31 -> 4 | B34: ='Orçamento Sintético'!D31 -> MOVIMENTAÇÃO DE TERRA
A35: ='Orçamento Sintético'!A32 -> 4.1 | B35: ='Orçamento Sintético'!D32 -> COMPACTAÇÃO MECÂNICA DE SOLO PARA EXECUÇÃO DE RADIER, PISO DE CONCRETO OU LAJE SOBRE SOLO, COM COMPACTADOR DE SOLOS A PERCUSSÃO. AF_09/2021 | C35: ='Orçamento Sintético'!E32 -> m² | D35: ='Orçamento Sintético'!G32 -> =(176,32+1381,46+(6*1,63))
A36: ='Orçamento Sintético'!A33 -> 4.2 | B36: ='Orçamento Sintético'!D33 -> ESPALHAMENTO DE TERRA | C36: ='Orçamento Sintético'!E33 -> m³ | D36: ='Orçamento Sintético'!G33 -> =((176,32+1381,46+(6*1,63))*0,1)
A37: ='Orçamento Sintético'!A34 -> 5 | B37: ='Orçamento Sintético'!D34 -> ORLA MARGINAL
A38: ='Orçamento Sintético'!A35 -> 5.1 | B38: ='Orçamento Sintético'!D35 -> DEMOLIÇÃO DE GUIAS, SARJETAS OU SARJETÕES, DE FORMA MECANIZADA, SEM REAPROVEITAMENTO. AF_09/2023 | C38: ='Orçamento Sintético'!E35 -> m | D38: ='Orçamento Sintético'!G35 -> =((215,8+125,8+202,8+90,8+145,8+176,8+176,8))
A39: ='Orçamento Sintético'!A36 -> 5.2 | B39: ='Orçamento Sintético'!D36 -> TRANSPORTE COM CAMINHÃO BASCULANTE DE 10 M³, EM VIA URBANA PAVIMENTADA, DMT ATÉ 30 KM (UNIDADE: M3XKM). AF_07/2020 (BOTA-FORA) | C39: ='Orçamento Sintético'!E36 -> m³xkm | D39: ='Orçamento Sintético'!G36 -> =(5*69,78)
A40: ='Orçamento Sintético'!A37 -> 5.3 | B40: ='Orçamento Sintético'!D37 -> PILARETE COM TRILHO TR-25 DE PROTEÇÃO DE VIAS | C40: ='Orçamento Sintético'!E37 -> unid | D40: ='Orçamento Sintético'!G37 -> =(2*14)
A41: ='Orçamento Sintético'!A38 -> 5.4 | B41: ='Orçamento Sintético'!D38 -> PISO PODOTÁTIL DIRECIONAL, DE CONCRETO, ASSENTADO SOBRE ARGAMASSA | C41: ='Orçamento Sintético'!E38 -> m² | D41: ='Orçamento Sintético'!G38 -> =(57,16+54,82+35,57+26,47)
A42: ='Orçamento Sintético'!A39 -> 5.5 | B42: ='Orçamento Sintético'!D39 -> EXECUÇÃO DE PAVIMENTO EM PISO INTERTRAVADO, COM BLOCO RETANGULAR COR NATURAL DE 20 X 10 CM, ESPESSURA 6 CM. AF_10/2022 | C42: ='Orçamento Sintético'!E39 -> m² | D42: ='Orçamento Sintético'!G39 -> =(453,07+430,93+276,93+210,53)
A43: ='Orçamento Sintético'!A40 -> 5.6 | B43: ='Orçamento Sintético'!D40 -> TRANSPORTE COM CAMINHÃO CARROCERIA 9T, EM VIA URBANA PAVIMENTADA, DMT ATÉ 30KM (UNIDADE: TXKM). AF_07/2020 | C43: ='Orçamento Sintético'!E40 -> Txkm | D43: ='Orçamento Sintético'!G40 -> =((0,06*0,2*0,1*2,4)*(50*1371,46)*30/3)
A44: ='Orçamento Sintético'!A41 -> 5.7 | B44: ='Orçamento Sintético'!D41 -> TRANSPORTE COM CAMINHÃO CARROCERIA 9T, EM VIA URBANA PAVIMENTADA, ADICIONAL PARA DMT EXCEDENTE A 30 KM (UNIDADE: TXKM). AF_07/2020 | C44: ='Orçamento Sintético'!E41 -> Txkm | D44: ='Orçamento Sintético'!G41 -> =((0,06*0,2*0,1*2,4)*(50*1371,46)*17,8/3)
A45: ='Orçamento Sintético'!A42 -> 5.8 | B45: ='Orçamento Sintético'!D42 -> TRANSPORTE COM CAMINHÃO BASCULANTE DE 18 M³, EM VIA URBANA PAVIMENTADA, DMT ATÉ 30 KM (UNIDADE: M3XKM). AF_07/2020 (AREIA PISO INTERTRAVADO) | C45: ='Orçamento Sintético'!E42 -> m³xkm | D45: ='Orçamento Sintético'!G42 -> =((0,0568*1371,46*1,375)*30/3)
A46: ='Orçamento Sintético'!A43 -> 5.9 | B46: ='Orçamento Sintético'!D43 -> TRANSPORTE COM CAMINHÃO BASCULANTE DE 18 M³, EM VIA URBANA PAVIMENTADA, ADICIONAL PARA DMT EXCEDENTE A 30 KM (UNIDADE: M3XKM). AF_07/2020 (AREIA PISO INTERTRAVADO) | C46: ='Orçamento Sintético'!E43 -> m³xkm | D46: ='Orçamento Sintético'!G43 -> =((0,0568*1371,46*1,375)*73/3)
A47: ='Orçamento Sintético'!A44 -> 5.10 | B47: ='Orçamento Sintético'!D44 -> EXECUÇÃO DE PASSEIO (CALÇADA) OU PISO DE CONCRETO COM CONCRETO MOLDADO IN LOCO, FEITO EM OBRA, ACABAMENTO CONVENCIONAL, NÃO ARMADO. (7CM) | C47: ='Orçamento Sintético'!E44 -> m³ | D47: ='Orçamento Sintético'!G44 -> =(6*1,63*0,07)
A48: ='Orçamento Sintético'!A45 -> 5.11 | B48: ='Orçamento Sintético'!D45 -> BARREIRA DE CONTENÇÃO TIPO MEIO-FIO COM SARJETA, EM CONCRETO ARMADO FCK=20MPA, ALTURA DE 60CM, SEÇÃO 0,128M2, MOLDADO NO LOCAL | C48: ='Orçamento Sintético'!E45 -> M | D48: ='Orçamento Sintético'!G45 -> SALDO DE 862,60M LINEARES
A49: ='Orçamento Sintético'!A46 -> 5.12 | B49: ='Orçamento Sintético'!D46 -> GUIA (MEIO-FIO) EM TRECHO RETO, CONFECCIONADA EM CONCRETO PRÉ-FABRICADO, DIMENSÕES 100X15X13X20 CM (COMPRIMENTO X BASE INFERIOR X BASE SUPERIOR X ALTURA), PARA URBANIZAÇÃO INTERNA DE EMPREENDIMENTOS, ARMADA. | C49: ='Orçamento Sintético'!E46 -> unid | D49: ='Orçamento Sintético'!G46 -> =(113+67+106+50+78+93+93)
... A51: ='Orçamento Sintético'!A48 -> 5.14 | B51: ='Orçamento Sintético'!D48 -> PINTURA DE MEIO-FIO COM TINTA BRANCA A BASE DE CAL (CAIAÇÃO). AF_05/2021 | C51: ='Orçamento Sintético'!E48 -> m² | D51: ='Orçamento Sintético'!G48 -> =((215,8+125,8+202,8+90,8+145,8+176,8+176,8)*(0,5+0,3))
A52: ='Orçamento Sintético'!A49 -> 6 | B52: ='Orçamento Sintético'!D49 -> ADMINISTRAÇÃO LOCAL
A53: ='Orçamento Sintético'!A50 -> 6.1 | B53: ='Orçamento Sintético'!D50 -> ENGENHEIRO CIVIL DE OBRA JUNIOR COM ENCARGOS COMPLEMENTARES | C53: ='Orçamento Sintético'!E50 -> h | D53: ='Orçamento Sintético'!G50 -> 91.59
A54: ='Orçamento Sintético'!A51 -> 6.2 | B54: ='Orçamento Sintético'!D51 -> MESTRE DE OBRAS COM ENCARGOS COMPLEMENTARES | C54: ='Orçamento Sintético'!E51 -> h | D54: ='Orçamento Sintético'!G51 -> 195.03
B55: 04 de agosto de 2025
B59: ________________________________________
B60: RAFAEL DOS SANTOS ARAUJO LIMA
B61: Eng. Civil - CREA/MS 20613D
B64: ____________________________________
B65: ALDENIR BARBOSA DO NASCIMENTO
B66: Prefeito Municipal

Sheet sinapi
B1: SINAPI - Sistema Nacional de Pesquisa de Custos e Índices da Construção Civil
B2: RELATÓRIO DE CUSTOS DE COMPOSIÇÕES - SEM ENCARGOS SOCIAIS
A3: 06/2025 | B3: Mês de Referência:
A4: 11/07/2025 | B4: Data de emissão: | D4: MS
D5: CAMPO GRANDE
A6: %AS (porcentagem Atribuído São Paulo) corresponde a porcentagem do custo total da | D6: 1.0752
A7: composição que foi obtida utilizando preços de insumos de São Paulo por indisponibilidade | D7: 0.648
A8: dos preços de insumos necessários à composição no estado em questão. Custo zerado (hífen)
A9: indica que pelo menos um dos itens da composição não tem custo/preço. | D9: MS
A10: Código da Composição | B10: Descrição | C10: Unidade | D10: Custo (R$)
A11: 104658 | B11: PISO PODOTÁTIL DE ALERTA OU DIRECIONAL, DE CONCRETO, ASSENTADO SOBRE ARGAMASSA. AF_03/2024 | C11: M2 | D11: 165.62
A12: 105002 | B12: RAMPA DE ACESSIBILIDADE EM CONCRETO MOLDADO IN LOCO, EM CALÇADA NOVA COM LARGURA MAIOR OU IGUAL À 3,00 M, FCK 25MPA, COM PISO PODOTÁTIL. AF_03/2024 | C12: UN | D12: 681.99
A13: 105004 | B13: RAMPA DE ACESSIBILIDADE EM CONCRETO MOLDADO IN LOCO, EM CALÇADA NOVA COM LARGURA MENOR À 3,00 M, FCK 25MPA, COM PISO PODOTÁTIL. AF_03/2024 | C13: M2 | D13: 116.27
A14: 105003 | B14: RAMPA DE ACESSIBILIDADE EM CONCRETO MOLDADO IN LOCO, EM CALÇADA PRÉ EXISTENTE COM LARGURA MAIOR OU IGUAL À 3,00 M, FCK 25MPA, COM PISO PODOTÁTIL. AF_03/2024 | C14: UN | D14: 1114.79
A15: 105005 | B15: RAMPA DE ACESSIBILIDADE EM CONCRETO MOLDADO IN LOCO, EM CALÇADA PRÉ EXISTENTE COM LARGURA MENOR À 3,00 M, FCK 25MPA, COM PISO PODOTÁTIL. AF_03/2024 | C15: M2 | D15: 196.39
A16: 105006 | B16: RAMPA DE ACESSIBILIDADE EM CONCRETO PRÉ MOLDADO, EM CALÇADA NOVA COM LARGURA MAIOR OU IGUAL À 3,00 M, FCK 25MPA, COM PISO PODOTÁTIL. AF_03/2024 | C16: UN | D16: 0
A17: 104999 | B17: RAMPA DE ACESSIBILIDADE EM CONCRETO PRÉ MOLDADO, EM CALÇADA PRÉ EXISTENTE COM LARGURA MAIOR OU IGUAL À 3,00 M, FCK 25MPA, COM PISO PODOTÁTIL. AF_03/2024 | C17: UN | D17: 0
A18: 105000 | B18: RAMPA DE ACESSIBILIDADE PARA ACESSO A EDIFICAÇÕES COM INCLINAÇÃO DE 8,33% EM CONCRETO MOLDADO IN LOCO, COM LARGURA DE 1,20M, FCK 25MPA, NÃO ARMADA, COM JUNTA A CADA 2M COM CORTE À SECO. AF_03/2024 | C18: M | D18: 1333.33
A19: 105001 | B19: RAMPA DE ACESSIBILIDADE PARA ACESSO A EDIFICAÇÕES COM INCLINAÇÃO DE 8,33% EM CONCRETO MOLDADO IN LOCO, COM LARGURA DE 1,50M, FCK 25MPA, NÃO ARMADA, COM JUNTA A CADA 2M COM CORTE À SECO. AF_03/2024 | C19: M | D19: 1366.33
A20: 89306 | B20: ALVENARIA ESTRUTURAL DE BLOCOS CERÂMICOS 14X19X29, (ESPESSURA DE 14 CM), UTILIZANDO COLHER DE PEDREIRO E ARGAMASSA DE ASSENTAMENTO COM PREPARO EM BETONEIRA. AF_03/2023 | C20: M2 | D20: 98.38
A21: 89307 | B21: ALVENARIA ESTRUTURAL DE BLOCOS CERÂMICOS 14X19X29, (ESPESSURA DE 14 CM), UTILIZANDO COLHER DE PEDREIRO E ARGAMASSA DE ASSENTAMENTO COM PREPARO MANUAL. AF_03/2023 | C21: M2 | D21: 100.16
A22: 89290 | B22: ALVENARIA ESTRUTURAL DE BLOCOS CERÂMICOS 14X19X29, (ESPESSURA DE 14 CM), UTILIZANDO PALHETA E ARGAMASSA DE ASSENTAMENTO COM PREPARO EM BETONEIRA. AF_03/2023 | C22: M2 | D22: 83.19
... A9733: 103548 | B9733: VÁLVULA REDUTORA DE PRESSÃO DE FERRO FUNDIDO PARA REDE DE ÁGUA, DN 80 MM, JUNTA FLANGEADA. AF_12/2021 | C9733: UN | D9733: 0
A9734: Código do Insumo | B9734: Descrição do Insumo | C9734: Unidade | D9734: MS
A9735: 45333 | B9735: ABERTURA PARA ENCAIXE DE CUBA OU LAVATORIO EM BANCADA DE MARMORE/ GRANITO OU OUTRO TIPO DE PEDRA NATURAL | C9735: UN | D9735: 213.23
A9736: 11270 | B9736: ABRACADEIRA DE LATAO PARA FIXACAO DE CABO PARA-RAIO, DIMENSOES 32 X 24 X 24 MM | C9736: UN | D9736: 3
A9737: 412 | B9737: ABRACADEIRA DE NYLON PARA AMARRACAO DE CABOS, COMPRIMENTO DE *230* X *7,6* MM | C9737: UN | D9737: 1.49
A9738: 414 | B9738: ABRACADEIRA DE NYLON PARA AMARRACAO DE CABOS, COMPRIMENTO DE 100 X 2,5 MM | C9738: UN | D9738: 0.09
A9739: 410 | B9739: ABRACADEIRA DE NYLON PARA AMARRACAO DE CABOS, COMPRIMENTO DE 150 X *3,6* MM | C9739: UN | D9739: 0.23
A9740: 411 | B9740: ABRACADEIRA DE NYLON PARA AMARRACAO DE CABOS, COMPRIMENTO DE 200 X *4,6* MM | C9740: UN | D9740: 0.29
A9741: 408 | B9741: ABRACADEIRA DE NYLON PARA AMARRACAO DE CABOS, COMPRIMENTO DE 390 X *4,6* MM | C9741: UN | D9741: 1.44
A9742: 39131 | B9742: ABRACADEIRA EM ACO PARA AMARRACAO DE ELETRODUTOS, TIPO D, COM 1 1/2" E CUNHA DE FIXACAO | C9742: UN | D9742: 5.73
A9743: 394 | B9743: ABRACADEIRA EM ACO PARA AMARRACAO DE ELETRODUTOS, TIPO D, COM 1 1/2" E PARAFUSO DE FIXACAO | C9743: UN | D9743: 5.8
A9744: 39130 | B9744: ABRACADEIRA EM ACO PARA AMARRACAO DE ELETRODUTOS, TIPO D, COM 1 1/4" E CUNHA DE FIXACAO | C9744: UN | D9744: 5.23
A9745: 395 | B9745: ABRACADEIRA EM ACO PARA AMARRACAO DE ELETRODUTOS, TIPO D, COM 1 1/4" E PARAFUSO DE FIXACAO | C9745: UN | D9745: 5.59
A9746: 39129 | B9746: ABRACADEIRA EM ACO PARA AMARRACAO DE ELETRODUTOS, TIPO D, COM 1" E CUNHA DE FIXACAO | C9746: UN | D9746: 3.22
... A9778: 36246 | B9778: ACABAMENTO SIMPLES/CONVENCIONAL PARA FORRO PVC, TIPO "U" OU "C", COR BRANCA, COMPRIMENTO 6 M | C9778: M | D9778: 5.24
A9779: 37600 | B9779: ACESSORIO DE LIGACAO NAO ELETRICO PARA CARGAS EXPLOSIVAS, TUBO DE 6 M | C9779: UN
A9780: 37599 | B9780: ACESSORIO INICIADOR NAO ELETRICO, TUBO DE 6 M, TEMPO DE RETARDO DE *160* MS | C9780: UN
A9781: 1 | B9781: ACETILENO - RECARGA DE GAS PARA CILINDRO (NAO INCLUI TROCA/MANUTENCAO DO CILINDRO) | C9781: KG | D9781: 100
A9782: 3 | B9782: ACIDO CLORIDRICO / ACIDO MURIATICO, DILUICAO 10% A 12% PARA USO EM LIMPEZA | C9782: L | D9782: 14.03
A9783: 43054 | B9783: ACO CA-25, 10,0 MM, OU 12,5 MM, OU 16,0 MM, OU 20,0 MM, OU 25,0 MM, VERGALHAO | C9783: KG | D9783: 8.89
A9784: 42402 | B9784: ACO CA-25, 16,0 MM, BARRA DE TRANSFERENCIA | C9784: KG | D9784: 8.5
A9785: 42403 | B9785: ACO CA-25, 20,0 MM, BARRA DE TRANSFERENCIA | C9785: KG | D9785: 10.9
A9786: 42404 | B9786: ACO CA-25, 25,0 MM, BARRA DE TRANSFERENCIA | C9786: KG | D9786: 10.84
A9787: 42405 | B9787: ACO CA-25, 32,0 MM, BARRA DE TRANSFERENCIA | C9787: KG | D9787: 11.55
A9788: 34341 | B9788: ACO CA-25, 32,0 MM, VERGALHAO | C9788: KG | D9788: 10.02
A9789: 43053 | B9789: ACO CA-25, 6,3 MM OU 8,0 MM, VERGALHAO | C9789: KG | D9789: 7.94
A9790: 43058 | B9790: ACO CA-50, 10,0 MM, OU 12,5 MM, OU 16,0 MM, OU 20,0 MM, DOBRADO E CORTADO | C9790: KG | D9790: 8.24
A9791: 34 | B9791: ACO CA-50, 10,0 MM, VERGALHAO | C9791: KG | D9791: 8.28
A9792: 43055 | B9792: ACO CA-50, 12,5 MM OU 16,0 MM, VERGALHAO | C9792: KG | D9792: 7.17
... A9801: 43060 | B9801: ACO CA-60, 8,0 MM OU 9,5 MM, VERGALHAO | C9801: KG | D9801: 6.82
A9802: 40410 | B9802: ACOPLAMENTO RIGIDO EM FERRO FUNDIDO PARA SISTEMA DE TUBULACAO RANHURADA, DN 50 MM (2") | C9802: UN
A9803: 40411 | B9803: ACOPLAMENTO RIGIDO EM FERRO FUNDIDO PARA SISTEMA DE TUBULACAO RANHURADA, DN 65 MM (2 1/2") | C9803: UN
A9804: 40412 | B9804: ACOPLAMENTO RIGIDO EM FERRO FUNDIDO PARA SISTEMA DE TUBULACAO RANHURADA, DN 80 MM (3") | C9804: UN
A9805: 44254 | B9805: ADAPTADOR CPVC, ROSCAVEL, COM FLANGES E ANEL DE VEDACAO, 15 MM, CAIXA D'AGUA PARA AGUA QUENTE | C9805: UN | D9805: 32.84
A9806: 44255 | B9806: ADAPTADOR CPVC, ROSCAVEL, COM FLANGES E ANEL DE VEDACAO, 22 MM, CAIXA D'AGUA PARA AGUA QUENTE | C9806: UN | D9806: 36.4
A9807: 44256 | B9807: ADAPTADOR CPVC, ROSCAVEL, COM FLANGES E ANEL DE VEDACAO, 28 MM, CAIXA D'AGUA PARA AGUA QUENTE | C9807: UN | D9807: 41.11
A9808: 44257 | B9808: ADAPTADOR CPVC, ROSCAVEL, COM FLANGES E ANEL DE VEDACAO, 35 MM, CAIXA D'AGUA PARA AGUA QUENTE | C9808: UN | D9808: 65.05
A9809: 44258 | B9809: ADAPTADOR CPVC, ROSCAVEL, COM FLANGES E ANEL DE VEDACAO, 42 MM, CAIXA D'AGUA PARA AGUA QUENTE | C9809: UN | D9809: 74.34
A9810: 44259 | B9810: ADAPTADOR CPVC, ROSCAVEL, COM FLANGES E ANEL DE VEDACAO, 54 MM, CAIXA D'AGUA PARA AGUA QUENTE | C9810: UN | D9810: 102.03
A9811: 37997 | B9811: ADAPTADOR CPVC, SOLDAVEL, 15 MM, PARA AGUA QUENTE | C9811: UN | D9811: 19.57
A9812: 37998 | B9812: ADAPTADOR CPVC, SOLDAVEL, 22 MM, PARA AGUA QUENTE | C9812: UN | D9812: 26.19
A9813: 55 | B9813: ADAPTADOR DE COMPRESSAO EM POLIPROPILENO (PP), PARA TUBO EM PEAD, 20 MM X 1/2", PARA LIGACAO PREDIAL DE AGUA (NTS 179) | C9813: UN
A9814: 61 | B9814: ADAPTADOR DE COMPRESSAO EM POLIPROPILENO (PP), PARA TUBO EM PEAD, 20 MM X 3/4", PARA LIGACAO PREDIAL DE AGUA (NTS 179) | C9814: UN
A9815: 62 | B9815: ADAPTADOR DE COMPRESSAO EM POLIPROPILENO (PP), PARA TUBO EM PEAD, 32 MM X 1", PARA LIGACAO PREDIAL DE AGUA (NTS 179) | C9815: UN
A9816: 10899 | B9816: ADAPTADOR EM LATAO, ENGATE RAPIDO 2 1/2" X ROSCA INTERNA 5 FIOS 2 1/2", PARA INSTALACAO PREDIAL DE COMBATE A INCENDIO | C9816: UN | D9816: 81.04
A9817: 10900 | B9817: ADAPTADOR EM LATAO, ENGATE RAPIDO1 1/2" X ROSCA INTERNA 5 FIOS 2 1/2", PARA INSTALACAO PREDIAL DE COMBATE A INCENDIO | C9817: UN | D9817: 63.42
A9818: 47 | B9818: ADAPTADOR PVC PBA, BOLSA/ROSCA, JE, DN 100 / DE 110 MM | C9818: UN | D9818: 66.12
A9819: 48 | B9819: ADAPTADOR PVC PBA, BOLSA/ROSCA, JE, DN 50 / DE 60 MM | C9819: UN | D9819: 17.25
A9820: 46 | B9820: ADAPTADOR PVC PBA, BOLSA/ROSCA, JE, DN 75 / DE 85 MM | C9820: UN | D9820: 38.67
A9821: 52 | B9821: ADAPTADOR PVC PBA, PONTA/ROSCA, JE, DN 50 / DE 60 MM | C9821: UN | D9821: 13.1
A9822: 43 | B9822: ADAPTADOR PVC PBA, PONTA/ROSCA, JE, DN 75 / DE 85 MM | C9822: UN | D9822: 44.22
A9823: 103 | B9823: ADAPTADOR PVC SOLDAVEL CURTO COM BOLSA E ROSCA, 110 MM X 4", PARA AGUA FRIA | C9823: UN | D9823: 42.6
A9824: 107 | B9824: ADAPTADOR PVC SOLDAVEL CURTO COM BOLSA E ROSCA, 20 MM X 1/2", PARA AGUA FRIA | C9824: UN | D9824: 0.8
A9825: 65 | B9825: ADAPTADOR PVC SOLDAVEL CURTO COM BOLSA E ROSCA, 25 MM X 3/4", PARA AGUA FRIA | C9825: UN | D9825: 0.88
A9826: 108 | B9826: ADAPTADOR PVC SOLDAVEL CURTO COM BOLSA E ROSCA, 32 MM X 1", PARA AGUA FRIA | C9826: UN | D9826: 1.76
A9827: 110 | B9827: ADAPTADOR PVC SOLDAVEL CURTO COM BOLSA E ROSCA, 40 MM X 1 1/2", PARA AGUA FRIA | C9827: UN | D9827: 6.13
... A9838: 99 | B9838: ADAPTADOR PVC SOLDAVEL, COM FLANGE E ANEL DE VEDACAO, 50 MM X 1 1/2", PARA CAIXA D'AGUA | C9838: UN | D9838: 25.82
A9839: 60 | B9839: ADAPTADOR PVC, COM REGISTRO, PARA PEAD, 20 MM X 3/4", PARA LIGACAO PREDIAL DE AGUA | C9839: UN
A9840: 72 | B9840: ADAPTADOR PVC, ROSCAVEL, COM FLANGES E ANEL DE VEDACAO, 1 1/2", PARA CAIXA D'AGUA | C9840: UN | D9840: 49.53
A9841: 71 | B9841: ADAPTADOR PVC, ROSCAVEL, COM FLANGES E ANEL DE VEDACAO, 1", PARA CAIXA D'AGUA | C9841: UN | D9841: 30.59
A9842: 67 | B9842: ADAPTADOR PVC, ROSCAVEL, COM FLANGES E ANEL DE VEDACAO, 1/2", PARA CAIXA D'AGUA | C9842: UN | D9842: 16.01
A9843: 73 | B9843: ADAPTADOR PVC, ROSCAVEL, COM FLANGES E ANEL DE VEDACAO, 3/4", PARA CAIXA D'AGUA | C9843: UN | D9843: 15.32
A9844: 100 | B9844: ADAPTADOR PVC, SOLDAVEL, COM FLANGES E ANEL DE VEDACAO, 60 MM X 2", PARA CAIXA D'AGUA | C9844: UN | D9844: 45.12
A9845: 75 | B9845: ADAPTADOR PVC, SOLDAVEL, COM FLANGES LIVRES, 110 MM X 4", PARA CAIXA D'AGUA | C9845: UN | D9845: 263.07
A9846: 83 | B9846: ADAPTADOR PVC, SOLDAVEL, COM FLANGES LIVRES, 75 MM X 2 1/2", PARA CAIXA D'AGUA | C9846: UN | D9846: 210.32
A9847: 74 | B9847: ADAPTADOR PVC, SOLDAVEL, COM FLANGES LIVRES, 85 MM X 3", PARA CAIXA D'AGUA | C9847: UN | D9847: 300.69
A9848: 106 | B9848: ADAPTADOR PVC, SOLDAVEL, LONGO, COM FLANGE LIVRE, 110 MM X 4", PARA CAIXA D'AGUA | C9848: UN | D9848: 380.24
A9849: 88 | B9849: ADAPTADOR PVC, SOLDAVEL, LONGO, COM FLANGE LIVRE, 32 MM X 1", PARA CAIXA D'AGUA | C9849: UN | D9849: 10.68
A9850: 82 | B9850: ADAPTADOR PVC, SOLDAVEL, LONGO, COM FLANGE LIVRE, 75 MM X 2 1/2", PARA CAIXA D'AGUA | C9850: UN | D9850: 200.1
A9851: 105 | B9851: ADAPTADOR PVC, SOLDAVEL, LONGO, COM FLANGE LIVRE, 85 MM X 3", PARA CAIXA D'AGUA | C9851: UN | D9851: 283.54
... A9862: 124 | B9862: ADITIVO ACELERADOR DE PEGA E ENDURECIMENTO PARA ARGAMASSAS E CONCRETOS, LIQUIDO E ISENTO DE CLORETOS | C9862: L | D9862: 17.74
A9863: 7334 | B9863: ADITIVO ADESIVO LIQUIDO PARA ARGAMASSAS DE REVESTIMENTOS CIMENTICIOS | C9863: L
A9864: 45146 | B9864: ADITIVO IMPERMEABILIZANTE CRISTALIZANTE PARA CONCRETO | C9864: KG | D9864: 34.02
A9865: 123 | B9865: ADITIVO IMPERMEABILIZANTE DE PEGA NORMAL PARA ARGAMASSAS E CONCRETOS SEM ARMACAO, LIQUIDO E ISENTO DE CLORETOS | C9865: L | D9865: 7.26
A9866: 127 | B9866: ADITIVO IMPERMEABILIZANTE DE PEGA ULTRARRAPIDA, LIQUIDO E ISENTO DE CLORETOS | C9866: L | D9866: 17.33
A9867: 133 | B9867: ADITIVO LIQUIDO INCORPORADOR DE AR PARA CONCRETO E ARGAMASSA, LIQUIDO E ISENTO DE CLORETOS | C9867: L | D9867: 7.2
A9868: 43617 | B9868: ADITIVO PLASTIFICANTE E ESTABILIZADOR PARA ARGAMASSAS DE ASSENTAMENTO E REBOCO, LIQUIDO E ISENTO DE CLORETOS | C9868: L | D9868: 8.04
A9869: 132 | B9869: ADITIVO PLASTIFICANTE RETARDADOR DE PEGA E REDUTOR DE AGUA PARA CONCRETO, LIQUIDO E ISENTO DE CLORETOS | C9869: L | D9869: 7.46
...

Sheet agesul
A1: AGENCIA ESTADUAL DE GESTAO DE EMPREENDIMENTOS - AGESUL
B2: BOLETIM DE PRECOS SEM BDI (SINAPI/AGESUL) - JUNHO/2025 (LEIS SOCIAIS - 107,52%) - MOEDA: REAL | D2: NÃO DESONERADO
B5: CANTEIRO DE OBRAS
A7: CODIGO | B7: S E R V I C O S | D7: TOTAL
B9: * CANTEIRO DE OBRAS - SERVICOS GERAIS
A10: 101001101 | B10: PLACA DE OBRA EM CHAPA GALVANIZADA N. 22, ADESIVADA | C10: M2 | D10: 508.06
A11: 101001106 | B11: SINAPI - 98524 - LIMPEZA MANUAL DE VEGETACAO EM TERRENO COM ENXADA. AF_03/2024 | C11: M2 | D11: 4.42
A12: 101001111 | B12: REGULARIZACAO DO SOLO COM IRREGULARIDADES ATE 0,20 M | C12: M2 | D12: 8.29
A13: 101001116 | B13: SINAPI - 100575 - REGULARIZACAO DE SUPERFICIES COM MOTONIVELADORA. AF_09/2024 | C13: M2 | D13: 0.58
A14: 101001121 | B14: SINAPI - 98525 - LIMPEZA MECANIZADA DE CAMADA VEGETAL, VEGETACAO E PEQUENAS ARVORES (DIAMETRO DE TRONCO MENOR QUE 0,20 M), COM TRATOR DE ESTEIRAS. AF_03/2024 | C14: M2 | D14: 0.66
A15: 101001126 | B15: SINAPI - 99059 - LOCACAO CONVENCIONAL DE OBRA, UTILIZANDO GABARITO DE TABUAS CORRIDAS PONTALETADAS A CADA 2,00M - 2 UTILIZACOES. AF_03/2024 | C15: M | D15: 60.23
A16: 101001128 | B16: FECHAMENTO PROVISORIO UTILIZANDO TELA PLASTICA LARANJA, TIPO TAPUME PARA SINALIZACAO, MALHA RETANGULAR, ROLO 1.20 X 50 M (L X C) FIXADOS EM PONTALETES 7,5 X 7,5CM | C16: M | D16: 27.43
A17: 101001131 | B17: TAPUME COM TELHA TRAPEZOIDAL EM ACO GALVANIZADO, ESP=0,50MM, ESTRUTURA EM MADEIRA NAO APARELHADA (REAPROVEITAMENTO DA TELHA DE 3X), INCLUSO PINTURA LATEX EXTERNAMENTE | C17: M2 | D17: 74.92
A18: 101001136 | B18: PORTAO PARA TAPUME COM TELHA TRAPEZOIDAL EM ACO GALVANIZADO, ESP=0,5MM, EM ESTRUTURA DE MADEIRA, INCLUSIVE FERRAGENS (REAPROVEITAMENTO DA TELHA DE 3X), INCLUSO PINTURA LATEX EXTERNAMENTE | C18: M2 | D18: 79.91
A19: 101001141 | B19: EXECUCAO DE ESCRITORIO EM CANTEIRO DE OBRAS, FORA DA PROJECAO DA LAJE, EM CHAPA DE MADEIRA COMPENSADA, NAO INCLUSO MOBILIARIO E EQUIPAMENTOS | C19: M2 | D19: 1035.89
A20: 101001146 | B20: EXECUCAO DE ALMOXARIFADO EM CANTEIRO DE OBRAS, FORA DA PROJECAO DA LAJE, EM CHAPA DE MADEIRA COMPENSADA, NAO INCLUSO MOBILIARIO E EQUIPAMENTOS | C20: M2 | D20: 655.48
A21: 101001151 | B21: EXECUCAO DE REFEITORIO EM CANTEIRO DE OBRAS, FORA DA PROJECAO DA LAJE, EM CHAPA DE MADEIRA COMPENSADA, NAO INCLUSO MOBILIARIO E EQUIPAMENTOS | C21: M2 | D21: 692.57
... A44: 101001256 | B44: BAIA PARA AGREGADOS DESCOBERTA, MEDINDO (3,0 X 3,0 X 0,9)M, PAREDES EM CHAPA DE COMPENSADO RESINADA 6MM, ESTRUTURADA COM CAIBROS, PISO EM TERRENO NATURAL, REGULARIZADO E COMPACTADO | C44: UN | D44: 662.62
B46: * CANTEIRO DE OBRAS - INSTALACOES HIDRAULICAS
A47: 101002100 | B47: INSTALACAO PROVISORIA DE AGUA E ESGOTO PARA OBRAS DE PORTE PEQUENO | C47: UN | D47: 2381.01
A48: 101002101 | B48: SINAPI - 95635 - KIT CAVALETE PARA MEDICAO DE AGUA - ENTRADA PRINCIPAL, EM PVC 25 MM (3/4") - FORNECIMENTO E INSTALACAO (EXCLUSIVE HIDROMETRO). AF_03/2024 | C48: UN | D48: 206.9
A49: 101002106 | B49: SINAPI - 95675 - HIDROMETRO DN 3/4", 5,0 M3/H - FORNECIMENTO E INSTALACAO. AF_03/2024 | C49: UN | D49: 167.64
A50: 101002111 | B50: FOSSA SEPTICA CIRCULAR EM CONCRETO PRE-MOLDADO ARMADO, DIAMETRO INTERNO = 1,00M, ALTURA EXTERNA = 2,00M, REJUNTADA COM ARGAMASSA NO TRACO 1:3 (EM VOLUME DE CIMENTO E AREIA UMIDA) COM ADICAO DE IMPERMEABILIZANTE, INCLUSIVE TAMPA PRE-MOLDADA | C50: UN | D50: 1643.88
A51: 101002116 | B51: FOSSA SEPTICA CIRCULAR EM CONCRETO PRE-MOLDADO ARMADO, DIAMETRO INTERNO = 1,00M, ALTURA EXTERNA = 3,00M, REJUNTADA COM ARGAMASSA NO TRACO 1:3 (EM VOLUME DE CIMENTO E AREIA UMIDA) COM ADICAO DE IMPERMEABILIZANTE, INCLUSIVE TAMPA PRE-MOLDADA | C51: UN | D51: 2303.85
A52: 101002121 | B52: SUMIDOURO CIRCULAR EM CONCRETO PRE-MOLDADO ARMADO, DIAMETRO INTERNO = 1,00M, ALTURA EXTERNA = 2,00M, REJUNTADA COM ARGAMASSA NO TRACO 1:3 (EM VOLUME DE CIMENTO E AREIA UMIDA) COM ADICAO DE IMPERMEABILIZANTE, INCLUSIVE TAMPA PRE-MOLDADA | C52: UN | D52: 1617.05
A53: 101002126 | B53: SUMIDOURO CIRCULAR EM CONCRETO PRE-MOLDADO ARMADO, DIAMETRO INTERNO = 1,00M, ALTURA EXTERNA = 3,00M, REJUNTADA COM ARGAMASSA NO TRACO 1:3 (EM VOLUME DE CIMENTO E AREIA UMIDA) COM ADICAO DE IMPERMEABILIZANTE, INCLUSIVE TAMPA PRE-MOLDADA | C53: UN | D53: 2277.02
A54: 101002131 | B54: SINAPI - 98104 - CAIXA DE GORDURA SIMPLES (CAPACIDADE: 36L), RETANGULAR, EM ALVENARIA COM TIJOLOS CERAMICOS MACICOS, DIMENSOES INTERNAS = 0,2X0,4 M, ALTURA INTERNA = 0,8 M. AF_12/2020 | C54: UN | D54: 355.9
A55: 101002136 | B55: SINAPI - 94492 - REGISTRO DE ESFERA, PVC, SOLDAVEL, COM VOLANTE, DN 50 MM - FORNECIMENTO E INSTALACAO. AF_08/2021 | C55: UN | D55: 57.43
A56: 101002141 | B56: TUBO PVC SOLDAVEL AGUA FRIA DN 25MM, INCLUSIVE CONEXOES - FORNECIMENTO E INSTALACAO | C56: M | D56: 22.04
A57: 101002146 | B57: TUBO PVC SOLDAVEL AGUA FRIA DN 50MM, INCLUSIVE CONEXOES - FORNECIMENTO E INSTALACAO | C57: M | D57: 45.07
A58: 101002151 | B58: TUBO PVC ESGOTO PREDIAL DN 100MM, INCLUSIVE CONEXOES - FORNECIMENTO E INSTALACAO | C58: M | D58: 66.87
B60: * CANTEIRO DE OBRAS - INSTALACOES ELETRICAS
A61: 101003100 | B61: INSTALACOES PROVISORIAS DE LUZ E FORCA PARA OBRAS DE PORTE PEQUENO | C61: UN | D61: 3354.17
A62: 101003101 | B62: PADRAO PROVISORIO TRIFASICO ATE 27 KW | C62: UN | D62: 5702.62
A63: 101003106 | B63: PADRAO PROVISORIO TRIFASICO ATE 47 KW | C63: UN | D63: 7727.66
A64: 101003111 | B64: PADRAO PROVISORIO TRIFASICO ATE 75 KW | C64: UN | D64: 10264.77
A65: 101003116 | B65: LUMINARIA DE LED PARA ILUMINACAO PUBLICA DE 51 W ATE 67 W - FORNECIMENTO E INSTALACAO (REAPROVEITAMENTO DE 5X) | C65: UN | D65: 57.96
A66: 101003121 | B66: BRACO PARA LUMINARIA PUBLICA 1 X 1,50M ROMAGNOLE OU EQUIV (REAPROVEITAMENTO DE 5X), FIXADO EM POSTE OU PAREDE - FORNECIMENTO E INSTALACAO | C66: UN | D66: 106.62
A67: 101003126 | B67: CABO PP 4X25MM2 DE 1KV (REAPROVEITAMENTO DE 3X) - FORNECIMENTO E INSTALACAO | C67: M | D67: 51.78
A68: 101003131 | B68: CABO MULTIPLEXADO DE ALUMINIO CA/CAL 3X1X25+25MM2 (REAPROVEITAMENTO 3X) - FORNECIMENTO E INSTALACAO | C68: M | D68: 11
A69: 101003136 | B69: CABO MULTIPLEXADO DE ALUMINIO CA/CAL 3X1X35+35MM2 (REAPROVEITAMENTO DE 3X) | C69: M | D69: 12.93
A70: 101003141 | B70: CABO MULTIPLEXADO DE ALUMINIO CA/CAL 3X1X70+70MM2 (REAPROVEITAMENTO DE 3X) | C70: M | D70: 20.52
A71: 101003146 | B71: ISOLADOR DE ROLDANA, PARA BAIXA TENSAO (REAPROVEITAMENTO DE 3X) | C71: UN | D71: 6.64
A72: 101003151 | B72: RELE FOTOELETRICO INTERNO E EXTERNO BIVOLT 1000W, DE CONECTOR, COM BASE - FORNECIMENTO E INSTALACAO (REAPROVEITAMENTO DE 3X) | C72: UN | D72: 58.95
... A78: 101003181 | B78: MADEIRA ROLICA, EUCALIPTO OU EQUIVALENTE DA REGIAO, H = 6,00M, D = 16 A 20 CM, ENTERRADO 60CM (REAPROVEITAMENTO DE 5X) - FORNECIMENTO E INSTALACAO | C78: UN | D78: 107.94
B80: DEMOLICOES E RETIRADAS
A82: CODIGO | B82: S E R V I C O S | D82: TOTAL
B84: * SERVIÇOS DE DEMOLIÇÃO
A85: 201001000 | B85: SINAPI - 97624 - DEMOLICAO DE ALVENARIA DE TIJOLO MACICO, DE FORMA MANUAL, SEM REAPROVEITAMENTO. AF_09/2023 | C85: M3 | D85: 102.75
A86: 201001004 | B86: SINAPI - 97622 - DEMOLICAO DE ALVENARIA DE BLOCO FURADO, DE FORMA MANUAL, SEM REAPROVEITAMENTO. AF_09/2023 | C86: M3 | D86: 54.64
A87: 201001008 | B87: DEMOLICAO MANUAL DE ESTRUTURA EM CONCRETO SIMPLES | C87: M3 | D87: 303.09
A88: 201001012 | B88: SINAPI - 97629 - DEMOLICAO DE LAJES, EM CONCRETO ARMADO, DE FORMA MECANIZADA COM MARTELETE, SEM REAPROVEITAMENTO. AF_09/2023 | C88: M3 | D88: 88.59
A89: 201001016 | B89: SINAPI - 97627 - DEMOLICAO DE PILARES E VIGAS EM CONCRETO ARMADO, DE FORMA MECANIZADA COM MARTELETE, SEM REAPROVEITAMENTO. AF_09/2023 | C89: M3 | D89: 190.23
A90: 201001020 | B90: DEMOLICAO DE PISO DE GRANILITE, INCLUSIVE LASTRO, DE FORMA MECANIZADA UTILIZANDO MARTELETE | C90: M2 | D90: 12.25
A91: 201001024 | B91: DEMOLICAO MANUAL DE PISO CIMENTADO, INCLUSIVE LASTRO DE CONCRETO | C91: M2 | D91: 30.3
A92: 201001028 | B92: DEMOLICAO MANUAL DE PISO CIMENTADO, EXCLUSIVE LASTRO DE CONCRETO | C92: M2 | D92: 14.51
A93: 201001032 | B93: SINAPI - 104789 - DEMOLICAO DE PISO DE CONCRETO SIMPLES, DE FORMA MANUAL, SEM REAPROVEITAMENTO. AF_09/2023 | C93: M3 | D93: 192.32
A94: 201001036 | B94: SINAPI - 104790 - DEMOLICAO DE PISO DE CONCRETO SIMPLES, DE FORMA MECANIZADA COM MARTELETE, SEM REAPROVEITAMENTO. AF_09/2023 | C94: M3 | D94: 111.95
A95: 201001040 | B95: SINAPI - 97633 - DEMOLICAO DE REVESTIMENTO CERAMICO, DE FORMA MANUAL, SEM REAPROVEITAMENTO. AF_09/2023 | C95: M2 | D95: 21.94
A96: 201001044 | B96: DEMOLICAO MANUAL DE PISO CERAMICO, SEM REAPROVEITAMENTO | C96: M2 | D96: 21.49
... A100: 201001060 | B100: DEMOLICAO DE DIVISORIA DE GRANILITE/GRANITO, SEM REAPROVEITAMENTO | C100: M2 | D100: 25.35
B102: * SERVIÇOS COMPLEMENTARES
A103: 201002158 | B103: CARGA MANUAL DE ENTULHO EM CAMINHAO BASCULANTE 6 M3 | C103: M3 | D103: 29.33
A104: 201002160 | B104: CARGA MANUAL DE ENTULHO EM CACAMBA | C104: M3 | D104: 14.51
A105: 201002161 | B105: LOCACAO DE CACAMBA (4M3) (7 DIAS) | C105: UN | D105: 350
A106: 201002164 | B106: SINAPI - 100981 - CARGA, MANOBRA E DESCARGA DE ENTULHO EM CAMINHAO BASCULANTE 6 M3 - CARGA COM ESCAVADEIRA HIDRAULICA (CACAMBA DE 0,80 M3 / 111 HP) E DESCARGA LIVRE (UNIDADE: M3). AF_07/2020 | C106: M3 | D106: 9.3
A107: 201002168 | B107: SINAPI - 97914 - TRANSPORTE COM CAMINHAO BASCULANTE DE 6 M3, EM VIA URBANA PAVIMENTADA, DMT ATE 30 KM (UNIDADE: M3XKM). AF_07/2020 | C107: M3XKM | D107: 2.9
A108: 201002170 | B108: CARGA, MANOBRA E DESCARGA DE ENTULHO EM CAMINHAO BASCULANTE 6M3, UTILIZANDO MINICARREGADEIRA SOBRE RODAS | C108: M3 | D108: 8.76
B110: * SERVIÇOS DE REMOÇÃO
A111: 201003000 | B111: SINAPI - 97647 - REMOCAO DE TELHAS DE FIBROCIMENTO METALICA E CERAMICA, DE FORMA MANUAL, SEM REAPROVEITAMENTO. AF_09/2023 | C111: M2 | D111: 3.41
A112: 201003004 | B112: REMOCAO DE TELHAS DE FIBROCIMENTO, METALICA E CERAMICA DE FORMA MANUAL, COM REAPROVEITAMENTO | C112: M2 | D112: 7.27
A113: 201003008 | B113: SINAPI - 97655 - REMOCAO DE TRAMA METALICA PARA COBERTURA, DE FORMA MANUAL, SEM REAPROVEITAMENTO. AF_09/2023 | C113: M2 | D113: 36.23
A114: 201003012 | B114: SINAPI - 97650 - REMOCAO DE TRAMA DE MADEIRA PARA COBERTURA, DE FORMA MANUAL, SEM REAPROVEITAMENTO. AF_09/2023 | C114: M2 | D114: 7.35
A115: 201003016 | B115: SINAPI - 97642 - REMOCAO DE TRAMA METALICA OU DE MADEIRA PARA FORRO, DE FORMA MANUAL, SEM REAPROVEITAMENTO. AF_09/2023 | C115: M2 | D115: 2.85
A116: 201003020 | B116: REMOCAO DE CALHAS, RUFOS E CONDUTORES DE AGUAS PLUVIAIS, SEM REAPROVEITAMENTO | C116: M | D116: 5.18
A117: 201003024 | B117: REMOCAO DE FORRO DE MADEIRA, DE FORMA MANUAL, SEM REAPROVEITAMENTO | C117: M2 | D117: 4.73
A118: 201003028 | B118: SINAPI - 97641 - REMOCAO DE FORRO DE GESSO, DE FORMA MANUAL, SEM REAPROVEITAMENTO. AF_09/2023 | C118: M2 | D118: 2.91
A119: 201003032 | B119: SINAPI - 97640 - REMOCAO DE FORROS DE DRYWALL, PVC E FIBROMINERAL, DE FORMA MANUAL, SEM REAPROVEITAMENTO. AF_09/2023 | C119: M2 | D119: 1.98
A120: 201003034 | B120: REMOCAO DE REVESTIMENTO COM LAMBRIS, INCLUSIVE ENTARUGAMENTO, SEM REAPROVEITAMENTO | C120: M2 | D120: 7.88
A121: 201003036 | B121: SINAPI - 97643 - REMOCAO DE PISO DE MADEIRA (ASSOALHO E BARROTE), DE FORMA MANUAL, SEM REAPROVEITAMENTO. AF_09/2023 | C121: M2 | D121: 24.26
A122: 201003040 | B122: REMOCAO DE PISO REVESTIDO COM TACOS DE MADEIRA, DE FORMA MANUAL, SEM REAPROVEITAMENTO | C122: M2 | D122: 23.14
... A139: 201003108 | B139: SINAPI - 97637 - REMOCAO DE TAPUME/ CHAPAS METALICAS E DE MADEIRA, DE FORMA MANUAL, SEM REAPROVEITAMENTO. AF_09/2023 | C139: M2 | D139: 2.92
B141: * SERVIÇOS DE RETIRADA
A142: 201004000 | B142: RETIRADA DE CUMEEIRA E ESPIGAO CERAMICO, EMBOCADA COM ARGAMASSA, SEM REAPROVEITAMENTO | C142: M | D142: 4.59
A143: 201004004 | B143: RETIRADA DE CUMEEIRA NORMAL OU ARTICULADA DE FIBROCIMENTO, SEM REAPROVEITAMENTO | C143: M | D143: 3.01
A144: 201004008 | B144: RETIRADA DE PEITORIL EM MARMORE OU GRANITO, SEM REAPROVEITAMENTO | C144: M | D144: 4.33
A145: 201004012 | B145: RETIRADA DE SOLEIRA EM MARMORE OU GRANITO, SEM REAPROVEITAMENTO | C145: M | D145: 4.33
A146: 201004016 | B146: RETIRADA DE DIVISORIA NAVAL EM CHAPA COMPENSADA E MONTANTES METALICOS, COM REAPROVEITAMENTO | C146: M2 | D146: 15.41
A147: 201004024 | B147: RETIRADA DE GUARNICOES DAS ESQUADRIAS, DE FORMA MANUAL, SEM REAPROVEITAMENTO | C147: UN | D147: 1.77
A148: 201004028 | B148: RETIRADA DE FECHADURA, FECHOS, TRINCOS OU DOBRADICAS DAS ESQUADRIAS DE MADEIRA/FERRO, SEM REAPROVEITAMENTO | C148: UN | D148: 10.3
A149: 201004032 | B149: RETIRADA DE ELETRODUTO EMBUTIDO COM BITOLA ATE 2", SEM REAPROVEITAMENTO | C149: M | D149: 12.67
A150: 201004036 | B150: RETIRADA DE ELETRODUTO EMBUTIDO COM BITOLA SUPERIOR A 2", SEM REAPROVEITAMENTO | C150: M | D150: 25.35
A151: 201004037 | B151: RETIRADA DE ELETRODUTO APARENTE COM BITOLA ATE 2", SEM REAPROVEITAMENTO | C151: M | D151: 4.48
A152: 201004038 | B152: RETIRADA DE ELETRODUTO APARENTE COM BITOLA SUPERIOR A 2", SEM REAPROVEITAMENTO | C152: M | D152: 5.39
A153: 201004040 | B153: RETIRADA DE LUMINARIA INSTALADA EM POSTE, INCLUSO GUINDAUTO | C153: UN | D153: 15.85
... A164: 201004084 | B164: RETIRADA DE BALCAO E BANCADAS DE GRANITO, SEM REAPROVEITAMENTO | C164: M2 | D164: 46.49
B166: FUNDACAO
A168: CODIGO | B168: S E R V I C O S | D168: TOTAL
A170: 301000100 | B170: SONDAGEM A PERCUSSAO PARA RECONHECIMENTO DO TERRENO | C170: M | D170: 109.25
A171: 301000102 | B171: TAXA DE MONTAGEM, DESMONTAGEM E AGUA POR FURO | C171: UN | D171: 103.5
...

Sheet sicrom
A1: Código | B1: Descrição | C1: Unidade | D1: Preço Unitário (R$)
A2: M0003 | B2: Aço CA 25 | C2: kg | D2: 7.3077
A3: M0004 | B3: Aço CA 50 | C3: kg | D3: 7.1072
A4: M0005 | B4: Brita 0 | C4: m³ | D4: 123.9455
A5: M0006 | B5: Fibra de poliamida para concreto | C5: kg | D5: 27.4939
A6: M0007 | B6: Fibra de aço para concreto | C6: kg | D6: 16.972
A7: M0008 | B7: Detergente líquido neutro | C7: l | D7: 3.9601
A8: M0009 | B8: Aço CP 175 RB | C8: kg | D8: 8.9515
A9: M0010 | B9: Aditivo superplastificante para concreto e argamassa | C9: kg | D9: 14.9256
A10: M0011 | B10: Aditivo modificador de viscosidade para concreto e argamassa | C10: kg | D10: 9.7908
A11: M0012 | B11: Silicato de alumínio | C11: kg | D11: 1.8921
A12: M0013 | B12: Grampo de ancoragem em aço CA 50 - D = 12,5 mm | C12: kg | D12: 7.1072
A13: M0014 | B13: Aço CA 60 | C13: kg | D13: 8.2954
... A79: M0103 | B79: Aditivo acelerador de pega para concreto e argamassa projetados | C79: kg | D79: 7.4908
A80: M0104 | B80: Asfalto diluído de petróleo - CM-30 | C80: t | D80: -
A81: M0105 | B81: Ancoragem ativa para 4 cordoalhas - D = 15,2 mm | C81: un | D81: 522.1859
A82: M0106 | B82: Ancoragem ativa para 6 cordoalhas - D = 15,2 mm | C82: un | D82: 603.2244
A83: M0107 | B83: Geocomposto para drenagem | C83: m² | D83: 44.1617
A84: M0108 | B84: Ancoragem ativa para 7 cordoalhas - D = 15,2 mm | C84: un | D84: 660.2499
A85: M0109 | B85: Geodreno vertical - L = 10 cm e E = 5 mm | C85: m | D85: 5.18
A86: M0110 | B86: Ancoragem ativa para 10 cordoalhas - D = 15,2 mm | C86: un | D86: 1095.7811
A87: M0111 | B87: Ancoragem ativa para 9 cordoalhas - D = 15,2 mm | C87: un | D87: 968.4452
A88: M0112 | B88: Disco diamantado segmentado para corte de pavimento - D = 1.000 mm | C88: un | D88: 5880.0762
A89: M0113 | B89: Ancoragem ativa para 12 cordoalhas - D = 15,2 mm | C89: un | D89: 1247.8459
A90: M0114 | B90: Disco diamantado segmentado para corte de pavimento - D = 1.500 mm | C90: un | D90: 26162.72
A91: M0115 | B91: Biomanta vegetal de fibras de coco entrelaçadas com fios de polipropileno biodegradáveis - densidade 0,4 kg/m² | C91: m² | D91: 6.5
A92: M0116 | B92: Mangote flangeado de borracha reforçada com lonas sintéticas - C = 1,80 m e D = 0,30 m | C92: un | D92: 16715.934
... A224: M0450 | B224: Compensado de virola - E = 6 mm | C224: m² | D224: 28.125
A225: M0451 | B225: Concreto usinado - fck = 20 MPa (comercial) | C225: m³ | D225: -
A226: M0452 | B226: Concreto usinado - fck = 25 MPa (comercial) | C226: m³ | D226: -
A227: M0453 | B227: Concreto usinado - fck = 30 MPa (comercial) | C227: m³ | D227: -
A228: M0454 | B228: Concreto usinado - fck = 35 MPa (comercial) | C228: m³ | D228: -
A229: M0459 | B229: Compensado plastificado - E = 14 mm | C229: m² | D229: 58.1404
A230: M0467 | B230: Luva em aço para emenda tipo prensada - D = 20,0 mm | C230: un | D230: 39.6041
A231: M0468 | B231: Luva em aço para emenda tipo prensada - D = 25,0 mm | C231: un | D231: 68.3191
A232: M0469 | B232: Luva em aço para emenda tipo prensada - D = 32,0 mm | C232: un | D232: 158.8439
A233: M0470 | B233: Luva em aço para emenda com rosca cônica - D = 12,5 mm | C233: un | D233: 15.9813
A234: M0471 | B234: Luva em aço para emenda com rosca cônica - D = 16,0 mm | C234: un | D234: 27.0709
A235: M0472 | B235: Luva em aço para emenda com rosca cônica - D = 20,0 mm | C235: un | D235: 36.6221
A236: M0481 | B236: Luva em aço para emenda com rosca cônica - D = 25,0 mm | C236: un | D236: 49.6135
A237: M0502 | B237: Luva em aço para emenda com rosca cônica - D = 32,0 mm | C237: un | D237: 72.0732
A238: M0505 | B238: Broca de widia - D = 6,5 mm e C = 100 mm | C238: un | D238: 4.4117
A239: M0506 | B239: Broca de widia - D = 8 mm e C = 120 mm | C239: un | D239: 7.4434
A240: M0511 | B240: Abrasivo tipo granalha de aço | C240: kg | D240: 12.4889
... A279: M0603 | B279: Ponteiro para rompedor hidráulico de 520 kg | C279: un | D279: 6029.5301
A280: M0614 | B280: Concreto usinado - fctM,k = 4,5 MPa (comercial) | C280: m³ | D280: -
A281: M0615 | B281: Aditivo incorporador de ar para concreto e argamassa | C281: kg | D281: 7.6108
A282: M0639 | B282: Bico para corte a plasma CNC - 130A | C282: un | D282: 132.1054
A283: M0640 | B283: Bocal para corte a plasma CNC - 130A | C283: un | D283: 125.4049
A284: M0641 | B284: Capa do bico para corte a plasma CNC - 130A | C284: un | D284: 1541.8434
A285: M0642 | B285: Capa do bocal para corte a plasma CNC - 130A | C285: un | D285: 776.8403
A286: M0643 | B286: Distribuidor de gás para corte a plasma CNC - 130A | C286: un | D286: 208.4903
A287: M0644 | B287: Eletrodo para corte a plasma CNC - 130A | C287: un | D287: 126.14
A288: M0645 | B288: Tubo de água para corte a plasma CNC - 130A | C288: un | D288: 197.2678
A289: M0646 | B289: Estaca pré-moldada de concreto protendido com compressão admissível de 100 t | C289: m | D289: 276.7481
A290: M0647 | B290: Estaca pré-moldada de concreto protendido com compressão admissível de 25 t | C290: m | D290: 87.9812
A291: M0648 | B291: Estaca pré-moldada de concreto protendido com compressão admissível de 35 t | C291: m | D291: 118.1835
A292: M0649 | B292: Estaca pré-moldada de concreto protendido com compressão admissível de 60 t | C292: m | D292: 131.8466
... A320: M0773 | B320: Perfil de alumínio tipo L463 para placa de sinalização - seção de 50 x 50 mm | C320: m | D320: 54.9853
A321: M0785 | B321: Massa asfáltica comercial | C321: t | D321: -
A322: M0786 | B322: Placa de poliestireno expandido (EPS) | C322: m³ | D322: 369.3328
A323: M0787 | B323: Suporte em aço-carbono galvanizado tipo perfil C para placa de sinalização | C323: kg | D323: 29.1723
A324: M0789 | B324: Conjunto para fixação de placas em aço galvanizado composto por barra chata, abraçadeira, parafusos, porcas e arruelas | C324: kg | D324: 30.5029
A325: M0796 | B325: Semipórtico metálico para vão de 8,3 m e vento de 35 m/s | C325: un | D325: 60319.39
A326: M0798 | B326: Apoio de neoprene fretado | C326: dm³ | D326: 114.5393
A327: M0804 | B327: Cabo de aço - D = 12,70 mm (1/2") | C327: m | D327: 29.6475
A328: M0805 | B328: Semipórtico duplo metálico para vão de 2 x 8,3 m e vento de 35 m/s | C328: un | D328: 98001.04
A329: M0808 | B329: Brita 4 | C329: m³ | D329: 116.5134
A330: M0809 | B330: Cabo de aço - D = 6,35 mm (1/4") | C330: m | D330: 9.9578
A331: M0810 | B331: Cabo de aço - D = 52,00 mm (2") | C331: m | D331: 654.9449
A332: M0812 | B332: Sapatilha em aço inox - D = 6,35 mm (1/4") | C332: un | D332: 3.86
A333: M0818 | B333: Semipórtico metálico para vão de 8,3 m e vento de 40 m/s | C333: un | D333: 64789.497
... A387: M1118 | B387: Cruzeta de madeira para poste - H = 240 cm | C387: un | D387: 146.5104
A388: M1129 | B388: Junta de dilatação em perfil extrudado de borracha vulcanizada | C388: m | D388: -
A389: M1130 | B389: Selante elástico à base de poliuretano | C389: kg | D389: 100.555
A390: M1131 | B390: Cordão de polietileno expandido de baixa densidade - D = 15,0 mm | C390: m | D390: 0.7215
A391: M1132 | B391: Junta de dilatação em elastômero e perfil VV - L = 20 mm e H = 40 mm | C391: m | D391: 170.805
A392: M1134 | B392: Junta de dilatação em elastômero e perfil VV - L = 25 mm e H = 50 mm | C392: m | D392: 196.685
A393: M1135 | B393: Pó de pedra | C393: m³ | D393: 108.3622
A394: M1136 | B394: Cordão de polietileno expandido de baixa densidade - D = 10,0 mm | C394: m | D394: 0.1962
A395: M1142 | B395: Junta de dilatação em elastômero e perfil VV - L = 35 mm e H = 60 mm | C395: m | D395: 273.94
A396: M1150 | B396: Adesivo estrutural à base de resina epóxi bicomponente tipo ADE-52 ou similar | C396: kg | D396: 127.7855
A397: M1151 | B397: Junta de dilatação em elastômero e perfil VV - L = 40 mm e H = 70 mm | C397: m | D397: 390.99
A398: M1152 | B398: Junta de dilatação em elastômero e perfil VV - L = 50 mm e H = 80 mm | C398: m | D398: 399.42
A399: M1176 | B399: Arame liso em aço galvanizado - D = 1,65 mm (16 BWG) | C399: kg | D399: 18.1544
A400: M1205 | B400: Prego de ferro | C400: kg | D400: 19.3119
... A508: M1553 | B508: Geotêxtil não-tecido agulhado em poliéster - resistência à tração longitudinal de 31 kN/m | C508: m² | D508: 15.7833
A509: M1556 | B509: Terra vegetal produzida | C509: m³ | D509: -
A510: M1575 | B510: Tinta látex à base de resina acrílica | C510: l | D510: 11.8511
A511: M1577 | B511: Tinta plástica à base de resina metacrílica aplicada a frio por dispersão ou extrusão | C511: kg | D511: 33.2143
A512: M1585 | B512: Massa termoplástica aplicada por extrusão | C512: kg | D512: 12.1208
A513: M1591 | B513: Suporte polimérico ecológico maciço colapsível para placa de sinalização - D = 6,4 cm | C513: m | D513: 182.1291
A514: M1600 | B514: Trilho TR25 em aço-carbono usado | C514: kg | D514: 5.1685
A515: M1602 | B515: Trilho TR37 em aço-carbono usado | C515: kg | D515: 5.1685
A516: M1603 | B516: Trilho TR45 em aço-carbono usado | C516: kg | D516: 5.1685
A517: M1605 | B517: Trilho TR57 em aço-carbono usado | C517: kg | D517: 5.1685
A518: M1606 | B518: Trilho TR68 em aço-carbono usado | C518: kg | D518: 5.1686
A519: M1614 | B519: Tubo em aço galvanizado com rosca BSP classe leve - D = 50 mm (2") | C519: m | D519: 63.8316
A520: M1616 | B520: Tubo em aço galvanizado com rosca BSP classe leve - D = 20 mm (3/4") | C520: m | D520: 12.8953
A521: M1617 | B521: Tubo em aço galvanizado com rosca BSP classe leve - D = 80 mm (3") | C521: m | D521: 132.0845
...
